Workbook
Name _ftn1: LCR!$B$214
Name _ftnref1: LCR!$B$211
Name _Toc403131203: Présentation!$A$3
Name amf_TypeDonneeCellule: #REF!
Name LANGUE_FR_ENG: 'Page Titre'!$C$1
Name LCR1100101: LCR!$D$12
Name LCR1100201: LCR!$D$14
Name LCR1100301: LCR!$D$15
Name LCR1100401: LCR!$D$17
Name LCR1100501: LCR!$D$18
Name LCR1100601: LCR!$D$19
Name LCR1100701: LCR!$D$20
Name LCR1100801: LCR!$D$21
Name LCR1100901: LCR!$D$23
Name LCR1101001: LCR!$D$24
Name LCR1200101: LCR!$D$31
Name LCR1200201: LCR!$D$32
Name LCR1200301: LCR!$D$33
Name LCR1200401: LCR!$D$34
Name LCR1200501: LCR!$D$35
Name LCR1200601: LCR!$D$36
Name LCR1200701: LCR!$D$37
Name LCR1300101: LCR!$D$43
Name LCR1300201: LCR!$D$44
Name LCR1300301: LCR!$D$45
Name LCR1300401: LCR!$D$46
Name LCR1400101: LCR!$D$64
Name LCR1400202: LCR!$F$64
Name LCR1400303: LCR!$H$64
Name LCR1400404: LCR!$J$64
Name LCR1400501: LCR!$D$65
Name LCR1400602: LCR!$F$65
Name LCR1400703: LCR!$H$65
Name LCR1400804: LCR!$J$65
Name LCR2001001: LCR!$D$94
Name LCR2002001: LCR!$D$95
Name LCR2003001: LCR!$D$98
Name LCR2004001: LCR!$D$99
Name LCR2005001: LCR!$D$100
Name LCR2110101: LCR!$D$85
Name LCR2110201: LCR!$D$86
Name LCR2110301: LCR!$D$87
Name LCR2110401: LCR!$D$90
Name LCR2110501: LCR!$D$91
Name LCR2110601: LCR!$D$92
Name LCR2110801: LCR!$D$96
Name LCR2110901: LCR!$D$101
Name LCR2111001: LCR!$D$97
Name LCR2111101: LCR!$D$102
Name LCR2112001: LCR!$D$103
Name LCR2120101: LCR!$D$114
Name LCR2120201: LCR!$D$115
Name LCR2120301: LCR!$D$116
Name LCR2120401: LCR!$D$119
Name LCR2120501: LCR!$D$120
Name LCR2120601: LCR!$D$121
Name LCR2120801: LCR!$D$125
Name LCR2121001: LCR!$D$126
Name LCR2121101: LCR!$D$132
Name LCR2121201: LCR!$D$135

Sheet Page Titre
B1: Language | C1: Fr
A34: =IF(EXACT('Page Titre'!LANGUE_FR_ENG,"Fr"),MatchTrad!A2,MatchTrad!B2) -> Divulgation
A38: =IF(EXACT('Page Titre'!LANGUE_FR_ENG,"Fr"),MatchTrad!A3,MatchTrad!B3) -> Ratio de liquidité à court terme (LCR)
B42: 1er Janvier 2027 (January 1, 2027)

Sheet Présentation
A1: =IF(EXACT('Page Titre'!LANGUE_FR_ENG,"Fr"),MatchTrad!A4,MatchTrad!B4) -> PRÉSENTATION
A3: =IF(EXACT('Page Titre'!LANGUE_FR_ENG,"Fr"),MatchTrad!A5,MatchTrad!B5) -> 1. Structure du document
A5: =IF(EXACT('Page Titre'!LANGUE_FR_ENG,"Fr"),MatchTrad!A6,MatchTrad!B6) -> Onglet bleu : Divulgation-LCR (formulaire) | G5: =IF(EXACT('Page Titre'!LANGUE_FR_ENG,"Fr"),MatchTrad!A7,MatchTrad!B7) -> Compléter ce formulaire en Dollars canadien (CAD) ainsi qu'un formulaire distinct pour chacune des devises significatives. Les données doivent être consolidées. Les références nécessaires pour compléter les champs de saisie de ce formulaire se trouvent dans l'onglet Instruction-LCR.
A8: =IF(EXACT('Page Titre'!LANGUE_FR_ENG,"Fr"),MatchTrad!A8,MatchTrad!B8) -> Onglet rose : Instructions-LCR | G8: =IF(EXACT('Page Titre'!LANGUE_FR_ENG,"Fr"),MatchTrad!A9,MatchTrad!B9) -> Catégories de LCR dont il est question dans le guide de production du relevé, en lien avec les dispositions de la Ligne directrice.
A11: =IF(EXACT('Page Titre'!LANGUE_FR_ENG,"Fr"),MatchTrad!A10,MatchTrad!B10) -> Onglet orange : Dépôts opérationnels (sur comptes courants) | G11: =IF(EXACT('Page Titre'!LANGUE_FR_ENG,"Fr"),MatchTrad!A11,MatchTrad!B11) -> Complément d'informations quant à la différence entre le solde de dépôts sur comptes courants et le solde de dépôts sur comptes autres que courants.
A14: =IF(EXACT('Page Titre'!LANGUE_FR_ENG,"Fr"),MatchTrad!A12,MatchTrad!B12) -> Onglet jaune : Règle de validation - LCR | G14: =IF(EXACT('Page Titre'!LANGUE_FR_ENG,"Fr"),MatchTrad!A13,MatchTrad!B13) -> Méthode de calcul de chaque point de données.
A17: =IF(EXACT('Page Titre'!LANGUE_FR_ENG,"Fr"),MatchTrad!A14,MatchTrad!B14) -> 2. Légende
A19: =IF(EXACT('Page Titre'!LANGUE_FR_ENG,"Fr"),MatchTrad!A15,MatchTrad!B15) -> Cellule vide :
A20: =IF(EXACT('Page Titre'!LANGUE_FR_ENG,"Fr"),MatchTrad!A16,MatchTrad!B16) -> Cellule contenant une formule :
A21: =IF(EXACT('Page Titre'!LANGUE_FR_ENG,"Fr"),MatchTrad!A17,MatchTrad!B17) -> Cellule de saisie :
A22: =IF(EXACT('Page Titre'!LANGUE_FR_ENG,"Fr"),MatchTrad!A18,MatchTrad!B18) -> Champ contenant un résultat :

Sheet Attestation
G5: =IF(EXACT('Page Titre'!LANGUE_FR_ENG,"Fr"),MatchTrad!A1564,MatchTrad!B1564) -> Confidentiel
A6: =IF(EXACT('Page Titre'!LANGUE_FR_ENG,"Fr"),MatchTrad!A1565,MatchTrad!B1565) -> Ligne directrice sur les normes relatives à la suffisance des liquidités (LDSL)
A8: =IF(EXACT('Page Titre'!LANGUE_FR_ENG,"Fr"),MatchTrad!A1566,MatchTrad!B1566) -> Ratio de liquidité à court terme (LCR)
A9: =IF(EXACT('Page Titre'!LANGUE_FR_ENG,"Fr"),MatchTrad!A1567,MatchTrad!B1567) -> Attestation d'assurance
A11: =IF(EXACT('Page Titre'!LANGUE_FR_ENG,"Fr"),MatchTrad!A1568,MatchTrad!B1568) -> Identification
A12: =IF(EXACT('Page Titre'!LANGUE_FR_ENG,"Fr"),MatchTrad!A1569,MatchTrad!B1569) -> Nom de l'institution financière :
A14: =IF(EXACT('Page Titre'!LANGUE_FR_ENG,"Fr"),MatchTrad!A1570,MatchTrad!B1570) -> Date de fin de période :
A16: =IF(EXACT('Page Titre'!LANGUE_FR_ENG,"Fr"),MatchTrad!A1571,MatchTrad!B1571) -> Personne ressource :
A17: =IF(EXACT('Page Titre'!LANGUE_FR_ENG,"Fr"),MatchTrad!A1572,MatchTrad!B1572) -> Nom :
A19: =IF(EXACT('Page Titre'!LANGUE_FR_ENG,"Fr"),MatchTrad!A1573,MatchTrad!B1573) -> Fonction :
A21: =IF(EXACT('Page Titre'!LANGUE_FR_ENG,"Fr"),MatchTrad!A1574,MatchTrad!B1574) -> Téléphone : | F21: =IF(EXACT('Page Titre'!LANGUE_FR_ENG,"Fr"),MatchTrad!A1575,MatchTrad!B1575) -> Poste :
A23: =IF(EXACT('Page Titre'!LANGUE_FR_ENG,"Fr"),MatchTrad!A1576,MatchTrad!B1576) -> Courriel :
A25: =IF(EXACT('Page Titre'!LANGUE_FR_ENG,"Fr"),MatchTrad!A1577,MatchTrad!B1577) -> Attestation du représentant désigné
A27: =IF(EXACT('Page Titre'!LANGUE_FR_ENG,"Fr"),MatchTrad!A1578,MatchTrad!B1578) -> Je confirme avoir lu et compris les chapitres 1 et 2, ainsi que l’Annexe 1 de la Ligne directrice sur les normes relatives à la suffisance des liquidités ainsi que toute instruction pertinente émise par l'Autorité des marchés financiers (l'« Autorité »), que le formulaire est rempli conformément à ces documents et qu'il est exact et complet.
A30: =IF(EXACT('Page Titre'!LANGUE_FR_ENG,"Fr"),MatchTrad!A1579,MatchTrad!B1579) -> Nom | F30: =IF(EXACT('Page Titre'!LANGUE_FR_ENG,"Fr"),MatchTrad!A1580,MatchTrad!B1580) -> Signature
A32: =IF(EXACT('Page Titre'!LANGUE_FR_ENG,"Fr"),MatchTrad!A1581,MatchTrad!B1581) -> Opinion de l'auditeur interne (à signer au moins une fois tous les trois ans)
A34: =IF(EXACT('Page Titre'!LANGUE_FR_ENG,"Fr"),MatchTrad!A1582,MatchTrad!B1582) -> J'ai examiné l'efficacité des processus et des contrôles internes en place à l'égard du formulaire LCR, y compris les systèmes qui s’y rattachent, ainsi que le suivi de la conformité aux modèles applicables à l’institution financière. À mon avis, les processus et les contrôles internes à la date ci-dessous, fonctionnent comme prévu et permettent de garantir l'exhaustivité et l'exactitude du formulaire.
A36: =IF(EXACT('Page Titre'!LANGUE_FR_ENG,"Fr"),MatchTrad!A1583,MatchTrad!B1583) -> Date de l'audit interne :
A38: =IF(EXACT('Page Titre'!LANGUE_FR_ENG,"Fr"),MatchTrad!A1584,MatchTrad!B1584) -> Auditeur interne
A41: =IF(EXACT('Page Titre'!LANGUE_FR_ENG,"Fr"),MatchTrad!A1585,MatchTrad!B1585) -> Nom | F41: =IF(EXACT('Page Titre'!LANGUE_FR_ENG,"Fr"),MatchTrad!A1586,MatchTrad!B1586) -> Signature
A44: =IF(EXACT('Page Titre'!LANGUE_FR_ENG,"Fr"),MatchTrad!A1587,MatchTrad!B1587) -> Le représentant désigné de la haute direction de l'institution financière ne doit pas participer directement à la préparation du formulaire LCR.

Sheet LCR
A1: =IF(EXACT('Page Titre'!LANGUE_FR_ENG,"Fr"),MatchTrad!A19,MatchTrad!B19) -> DIVULGATION - RATIO DE LIQUIDITÉ À COURT TERME LCR (LIQUIDITY COVERAGE RATIO)
A2: =IF(EXACT('Page Titre'!LANGUE_FR_ENG,"Fr"),MatchTrad!A20,MatchTrad!B20) -> Date de divulgation (aaaa-mm-jj) :
A3: =IF(EXACT('Page Titre'!LANGUE_FR_ENG,"Fr"),MatchTrad!A21,MatchTrad!B21) -> Institution financière :
A4: =IF(EXACT('Page Titre'!LANGUE_FR_ENG,"Fr"),MatchTrad!A22,MatchTrad!B22) -> LCR :
A5: =IF(EXACT('Page Titre'!LANGUE_FR_ENG,"Fr"),MatchTrad!A23,MatchTrad!B23) -> Devise :
A6: =IF(EXACT('Page Titre'!LANGUE_FR_ENG,"Fr"),MatchTrad!A24,MatchTrad!B24) -> NB : L'institution doit produire un formulaire distinct consolidé en dollars canadiens, de même que dans chaque devise significative.
A7: =IF(EXACT('Page Titre'!LANGUE_FR_ENG,"Fr"),MatchTrad!A25,MatchTrad!B25) -> Section 1 - Encours d'actifs liquides de haute qualité (ALHQ)
A9: =IF(EXACT('Page Titre'!LANGUE_FR_ENG,"Fr"),MatchTrad!A26,MatchTrad!B26) -> 1.1. Actifs de niveau 1 | D9: =IF(EXACT('Page Titre'!LANGUE_FR_ENG,"Fr"),MatchTrad!A27,MatchTrad!B27) -> Valeur marchande | J9: =IF(EXACT('Page Titre'!LANGUE_FR_ENG,"Fr"),MatchTrad!A28,MatchTrad!B28) -> Pondération | L9: =IF(EXACT('Page Titre'!LANGUE_FR_ENG,"Fr"),MatchTrad!A29,MatchTrad!B29) -> Montant pondéré
D11: (01) | F11: (02) | H11: (03) | J11: (04) | L11: (05) | M11: (06) | O11: (07)
B12: =IF(EXACT('Page Titre'!LANGUE_FR_ENG,"Fr"),MatchTrad!A30,MatchTrad!B30) -> Pièces et billets de banque | C12: 11001 | J12: 1 | K12: 61001 | L12: =ROUND(D12*J12,0) -> 0
A13: =IF(EXACT('Page Titre'!LANGUE_FR_ENG,"Fr"),MatchTrad!A31,MatchTrad!B31) -> Total des réserves détenues à la banque centrale :
B14: =IF(EXACT('Page Titre'!LANGUE_FR_ENG,"Fr"),MatchTrad!A32,MatchTrad!B32) -> Portion des réserves à la banque centrale pouvant être retirée en période de tension | C14: 11002 | J14: 1 | K14: 61002 | L14: =ROUND(D14*J14,0) -> 0
B15: =IF(EXACT('Page Titre'!LANGUE_FR_ENG,"Fr"),MatchTrad!A33,MatchTrad!B33) -> Portion des réserves à la banque centrale ne pouvant pas être retirée en période de tension | C15: 11003
A16: =IF(EXACT('Page Titre'!LANGUE_FR_ENG,"Fr"),MatchTrad!A34,MatchTrad!B34) -> Titres affectés d'une pondération de risque de 0% :
B17: =IF(EXACT('Page Titre'!LANGUE_FR_ENG,"Fr"),MatchTrad!A35,MatchTrad!B35) -> Émis par des émetteurs souverrains | C17: 11004 | J17: 1 | K17: 61004 | L17: =ROUND(D17*J17,0) -> 0
B18: =IF(EXACT('Page Titre'!LANGUE_FR_ENG,"Fr"),MatchTrad!A36,MatchTrad!B36) -> Garantis par des émetteurs souverrains | C18: 11005 | J18: 1 | K18: 61005 | L18: =ROUND(D18*J18,0) -> 0
B19: =IF(EXACT('Page Titre'!LANGUE_FR_ENG,"Fr"),MatchTrad!A37,MatchTrad!B37) -> Émis ou garantis par des banques centrales | C19: 11006 | J19: 1 | K19: 61006 | L19: =ROUND(D19*J19,5) -> 0
B20: =IF(EXACT('Page Titre'!LANGUE_FR_ENG,"Fr"),MatchTrad!A38,MatchTrad!B38) -> Émis ou garantis par des organismes publics (OP) | C20: 11007 | J20: 1 | K20: 61007 | L20: =ROUND(D20*J20,5) -> 0
B21: =IF(EXACT('Page Titre'!LANGUE_FR_ENG,"Fr"),MatchTrad!A39,MatchTrad!B39) -> Émis ou garantis par la BRI, FMI, Banque centrale européenne et la commission européenne, ou BMD | C21: 11008 | J21: 1 | K21: 61008 | L21: =ROUND(D21*J21,5) -> 0
A22: =IF(EXACT('Page Titre'!LANGUE_FR_ENG,"Fr"),MatchTrad!A40,MatchTrad!B40) -> Pour les émetteurs souverrains non pondéré à 0% :
B23: =IF(EXACT('Page Titre'!LANGUE_FR_ENG,"Fr"),MatchTrad!A41,MatchTrad!B41) -> Des titres de dette émis en devise locale par l’émetteur souverain ou la banque centrale dans le pays où est pris le risque de liquidité ou dans le pays d’origine de l'institution financière | C23: 11009 | J23: 1 | K23: 61009 | L23: =ROUND(D23*J23,5) -> 0
B24: =IF(EXACT('Page Titre'!LANGUE_FR_ENG,"Fr"),MatchTrad!A42,MatchTrad!B42) -> Les titres de dettes souveraines ou de banques centrales émis en devises étrangères, à concurrence du montant des sorties nettes de trésoreries que l'institution financière devrait effectuer en période de tension dans cette devise spécifique en raison de ses opérations dans la juridiction où le risque de liquidité est pris | C24: 11010 | J24: 1 | K24: 61010 | L24: =ROUND(D24*J24,5) -> 0
A25: =IF(EXACT('Page Titre'!LANGUE_FR_ENG,"Fr"),MatchTrad!A43,MatchTrad!B43) -> Total de l'encours d'actifs de niveau 1 : | K25: 99001 | L25: =ROUND(SUM(L12,L14,L17:L21,L23:L24),5) -> 0
B26: =IF(EXACT('Page Titre'!LANGUE_FR_ENG,"Fr"),MatchTrad!A44,MatchTrad!B44) -> Ajustements à l'encours d'actifs niveau 1 | C26: 99002 | D26: =ROUND(-SUM(D167,D170,D173,D176,D180,D183,D186,D190,D193,F278,F433)+SUM(F167,F180,D278,D281,D284,D287,D433),5) -> 0
B27: =IF(EXACT('Page Titre'!LANGUE_FR_ENG,"Fr"),MatchTrad!A45,MatchTrad!B45) -> Montant ajusté de l'encours d'actifs de niveau 1 | K27: 99003 | L27: =ROUND(MAX(L25+D26,0),5) -> 0
A28: =IF(EXACT('Page Titre'!LANGUE_FR_ENG,"Fr"),MatchTrad!A46,MatchTrad!B46) -> 1.2. Actifs de niveau 2A | D28: =IF(EXACT('Page Titre'!LANGUE_FR_ENG,"Fr"),MatchTrad!A47,MatchTrad!B47) -> Valeur marchande | J28: =IF(EXACT('Page Titre'!LANGUE_FR_ENG,"Fr"),MatchTrad!A48,MatchTrad!B48) -> Pondération | L28: =IF(EXACT('Page Titre'!LANGUE_FR_ENG,"Fr"),MatchTrad!A49,MatchTrad!B49) -> Montant pondéré
A30: =IF(EXACT('Page Titre'!LANGUE_FR_ENG,"Fr"),MatchTrad!A50,MatchTrad!B50) -> Titres assortis d'une pondération de risque de 20% :
B31: =IF(EXACT('Page Titre'!LANGUE_FR_ENG,"Fr"),MatchTrad!A51,MatchTrad!B51) -> Émis par des émetteurs souverrains | C31: 12001 | J31: 0.85 | K31: 62001 | L31: =ROUND(D31*J31,5) -> 0
B32: =IF(EXACT('Page Titre'!LANGUE_FR_ENG,"Fr"),MatchTrad!A52,MatchTrad!B52) -> Garantis par des émetteurs souverrains | C32: 12002 | J32: 0.85 | K32: 62002 | L32: =ROUND(D32*J32,5) -> 0
B33: =IF(EXACT('Page Titre'!LANGUE_FR_ENG,"Fr"),MatchTrad!A53,MatchTrad!B53) -> Émis ou garantis par des banques centrales | C33: 12003 | J33: 0.85 | K33: 62003 | L33: =ROUND(D33*J33,5) -> 0
B34: =IF(EXACT('Page Titre'!LANGUE_FR_ENG,"Fr"),MatchTrad!A54,MatchTrad!B54) -> Émis ou garantis par des organismes publics | C34: 12004 | J34: 0.85 | K34: 62004 | L34: =ROUND(D34*J34,5) -> 0
B35: =IF(EXACT('Page Titre'!LANGUE_FR_ENG,"Fr"),MatchTrad!A55,MatchTrad!B55) -> Émis ou garantis par des BMD | C35: 12005 | J35: 0.85 | K35: 62005 | L35: =ROUND(D35*J35,5) -> 0
B36: =IF(EXACT('Page Titre'!LANGUE_FR_ENG,"Fr"),MatchTrad!A56,MatchTrad!B56) -> Les obligations d'entreprises non financières cotées AA- ou mieux | C36: 12006 | J36: 0.85 | K36: 62006 | L36: =ROUND(D36*J36,5) -> 0
B37: =IF(EXACT('Page Titre'!LANGUE_FR_ENG,"Fr"),MatchTrad!A57,MatchTrad!B57) -> Les obligations sécurisées non émises par l'institution financière elle-même de notation AA- ou mieux | C37: 12007 | J37: 0.85 | K37: 62007 | L37: =ROUND(D37*J37,5) -> 0
A38: =IF(EXACT('Page Titre'!LANGUE_FR_ENG,"Fr"),MatchTrad!A58,MatchTrad!B58) -> Total de l'encours d'actifs de niveau 2A : | C38: 99004 | D38: =ROUND(SUM(D31:D37),5) -> 0 | K38: 99007 | L38: =ROUND(SUM(L31:L37),5) -> 0
B39: =IF(EXACT('Page Titre'!LANGUE_FR_ENG,"Fr"),MatchTrad!A59,MatchTrad!B59) -> Ajustements à l'encours d'actifs de niveau 2A | C39: 99005 | D39: =ROUND(F170+F183-F281+D434-F434,5) -> 0
B40: =IF(EXACT('Page Titre'!LANGUE_FR_ENG,"Fr"),MatchTrad!A60,MatchTrad!B60) -> Montant ajusté de l'encours de niveau 2A | C40: 99006 | D40: =ROUND(D38+D39,5) -> 0 | J40: 0.85 | K40: 99008 | L40: =ROUND(D40*J40,5) -> 0
A41: =IF(EXACT('Page Titre'!LANGUE_FR_ENG,"Fr"),MatchTrad!A61,MatchTrad!B61) -> 1.3. Actifs de niveau 2B | D41: =IF(EXACT('Page Titre'!LANGUE_FR_ENG,"Fr"),MatchTrad!A62,MatchTrad!B62) -> Valeur marchande | J41: =IF(EXACT('Page Titre'!LANGUE_FR_ENG,"Fr"),MatchTrad!A63,MatchTrad!B63) -> Pondération | L41: =IF(EXACT('Page Titre'!LANGUE_FR_ENG,"Fr"),MatchTrad!A64,MatchTrad!B64) -> Montant pondéré
B43: =IF(EXACT('Page Titre'!LANGUE_FR_ENG,"Fr"),MatchTrad!A65,MatchTrad!B65) -> Titres adossés à des créances immobilières résidentielles (RMBS), cotés AA ou mieux | C43: 13001 | J43: 0.75 | K43: 63001 | L43: =ROUND(D43*J43,5) -> 0
B44: =IF(EXACT('Page Titre'!LANGUE_FR_ENG,"Fr"),MatchTrad!A66,MatchTrad!B66) -> Les obligations d'entreprises non financière cotées entre BBB- à A+ | C44: 13002 | J44: 0.5 | K44: 63002 | L44: =ROUND(D44*J44,5) -> 0
B45: =IF(EXACT('Page Titre'!LANGUE_FR_ENG,"Fr"),MatchTrad!A67,MatchTrad!B67) -> Les actions ordinaires d'entreprises non financières | C45: 13003 | J45: 0.5 | K45: 63003 | L45: =ROUND(D45*J45,5) -> 0
B46: =IF(EXACT('Page Titre'!LANGUE_FR_ENG,"Fr"),MatchTrad!A68,MatchTrad!B68) -> Titres de dette de l’émetteur souverain ou de la banque centrale cotés BBB- à BBB+ | C46: 13004 | J46: 0.5 | K46: 63004 | L46: =ROUND(D46*J46,5) -> 0
A47: =IF(EXACT('Page Titre'!LANGUE_FR_ENG,"Fr"),MatchTrad!A69,MatchTrad!B69) -> Total de l'encours d'actifs RMBS de niveau 2B : | C47: 99009 | D47: =ROUND(D43,5) -> 0 | K47: 99016 | L47: =ROUND(L43,5) -> 0
B48: =IF(EXACT('Page Titre'!LANGUE_FR_ENG,"Fr"),MatchTrad!A70,MatchTrad!B70) -> Ajustements à l'encours d'actifs RMBS de niveau 2B | C48: 99010 | D48: =ROUND(SUM(F173,F186,D435)-SUM(F284,F435),5) -> 0
B49: =IF(EXACT('Page Titre'!LANGUE_FR_ENG,"Fr"),MatchTrad!A71,MatchTrad!B71) -> Montant Ajusté de l'encours d'actifs RMBS de niveau 2B | C49: 99011 | D49: =ROUND(SUM(D47,D48),5) -> 0 | J49: 0.75 | K49: 99017 | L49: =ROUND(D49*J49,5) -> 0
A50: =IF(EXACT('Page Titre'!LANGUE_FR_ENG,"Fr"),MatchTrad!A72,MatchTrad!B72) -> Total de l'encours d'actifs non RMBS de niveau 2B : | C50: 99012 | D50: =ROUND(SUM(D44:D46),5) -> 0 | K50: 99018 | L50: =ROUND(SUM(L44:L46),5) -> 0
B51: =IF(EXACT('Page Titre'!LANGUE_FR_ENG,"Fr"),MatchTrad!A73,MatchTrad!B73) -> Ajustements à l'encours d'actifs non RMBS de niveau 2B | C51: 99013 | D51: =ROUND(SUM(F176,F190,F193,D436)-SUM(F287,F436),5) -> 0
B52: =IF(EXACT('Page Titre'!LANGUE_FR_ENG,"Fr"),MatchTrad!A74,MatchTrad!B74) -> Montant Ajusté de l'encours d'actifs non RMBS de niveau 2B | C52: 99014 | D52: =ROUND(SUM(D50,D51),5) -> 0 | J52: 0.5 | K52: 99019 | L52: =ROUND(D52*J52,5) -> 0
B53: =IF(EXACT('Page Titre'!LANGUE_FR_ENG,"Fr"),MatchTrad!A75,MatchTrad!B75) -> Montant ajusté de l'encours d'actifs de niveau 2B (RMBS and non-RMBS) | C53: 99015 | D53: =ROUND(SUM(D49,D52),5) -> 0 | K53: 99020 | L53: =ROUND(SUM(L49,L52),5) -> 0
B55: =IF(EXACT('Page Titre'!LANGUE_FR_ENG,"Fr"),MatchTrad!A76,MatchTrad!B76) -> Ajustement à l'encours d'ALHQ en raison du plafond applicable aux actifs de niveau 2B | K55: 99021 | L55: =ROUND(MAX(SUM(L53)-15/85*(L27+L40),SUM(L53)-15/60*L27,0),5) -> 0
B56: =IF(EXACT('Page Titre'!LANGUE_FR_ENG,"Fr"),MatchTrad!A77,MatchTrad!B77) -> Ajustement de l'encours d'ALHQ en raison du plafond applicable aux actifs de niveau 2 | K56: 99022 | L56: =ROUND(MAX((SUM(L40,L53)-L55)-2/3*L27,0),5) -> 0
A57: =IF(EXACT('Page Titre'!LANGUE_FR_ENG,"Fr"),MatchTrad!A78,MatchTrad!B78) -> Section 1 - Total de l'encours des ALHQ
K59: 99023 | L59: =ROUND(SUM(L25,L38,L47,L50)-SUM(L55,L56),5) -> 0
A61: =IF(EXACT('Page Titre'!LANGUE_FR_ENG,"Fr"),MatchTrad!A79,MatchTrad!B79) -> 1.4. ALHQ : Informations complémentaires | D61: =IF(EXACT('Page Titre'!LANGUE_FR_ENG,"Fr"),MatchTrad!A80,MatchTrad!B80) -> Valeur marchande
D62: =IF(EXACT('Page Titre'!LANGUE_FR_ENG,"Fr"),MatchTrad!A81,MatchTrad!B81) -> Niveau 1 | F62: =IF(EXACT('Page Titre'!LANGUE_FR_ENG,"Fr"),MatchTrad!A82,MatchTrad!B82) -> Niveau 2A | H62: =IF(EXACT('Page Titre'!LANGUE_FR_ENG,"Fr"),MatchTrad!A83,MatchTrad!B83) -> Niveau 2B RMBS | J62: =IF(EXACT('Page Titre'!LANGUE_FR_ENG,"Fr"),MatchTrad!A84,MatchTrad!B84) -> Niveau 2B non-RMBS
D63: (01) | F63: (02) | H63: (03) | J63: (04)
B64: =IF(EXACT('Page Titre'!LANGUE_FR_ENG,"Fr"),MatchTrad!A85,MatchTrad!B85) -> Actifs détenus par l'institution financière mais exclus de l'encours d'ALHQ consolidé | C64: 14001 | E64: 14002 | G64: 14003 | I64: 14004
B65: =IF(EXACT('Page Titre'!LANGUE_FR_ENG,"Fr"),MatchTrad!A86,MatchTrad!B86) -> Actifs exclus de l'encours d'ALHQ du à des restrictions opérationnelles | C65: 14005 | E65: 14006 | G65: 14007 | I65: 14008
A67: =IF(EXACT('Page Titre'!LANGUE_FR_ENG,"Fr"),MatchTrad!A87,MatchTrad!B87) -> 1.5. Dépôts à vue non opérationnels détenus par un sous-adhérent admissible | D67: =IF(EXACT('Page Titre'!LANGUE_FR_ENG,"Fr"),MatchTrad!A88,MatchTrad!B88) -> Montant | J67: =IF(EXACT('Page Titre'!LANGUE_FR_ENG,"Fr"),MatchTrad!A89,MatchTrad!B89) -> Pondération | L67: =IF(EXACT('Page Titre'!LANGUE_FR_ENG,"Fr"),MatchTrad!A90,MatchTrad!B90) -> Montant pondéré
D68: (01) | F68: (02) | H68: (03) | J68: (04) | L68: (05)
B69: =IF(EXACT('Page Titre'!LANGUE_FR_ENG,"Fr"),MatchTrad!A91,MatchTrad!B91) -> Dépôts à vue non opérationnels placés par des sous-adhérents auprès d'un adhérent inscrit à l'Autorité | C69: 22210 | J69: 1 | K69: 72210 | L69: =ROUND(D69*J69,5) -> 0
A71: =IF(EXACT('Page Titre'!LANGUE_FR_ENG,"Fr"),MatchTrad!A92,MatchTrad!B92) -> 1.6. Total de l'encours des ALHQ et des dépôts à vue non opérationnels admissibles
B72: =IF(EXACT('Page Titre'!LANGUE_FR_ENG,"Fr"),MatchTrad!A93,MatchTrad!B93) -> Total de l'encours des ALHQ et des dépôts à vue non opérationnels placés par des sous adhérents auprès d'un adhérent inscrit à l'Autorité | K72: 99070 | L72: =ROUND(SUM(L59,L69),5) -> 0
A74: =IF(EXACT('Page Titre'!LANGUE_FR_ENG,"Fr"),MatchTrad!A94,MatchTrad!B94) -> Section 2 - Total des sorties de trésorerie nettes
A76: =IF(EXACT('Page Titre'!LANGUE_FR_ENG,"Fr"),MatchTrad!A95,MatchTrad!B95) -> 2.1. Sorties de trésorerie
A77: =IF(EXACT('Page Titre'!LANGUE_FR_ENG,"Fr"),MatchTrad!A96,MatchTrad!B96) -> 2.1. Retrait sur les dépôts de détail | D77: =IF(EXACT('Page Titre'!LANGUE_FR_ENG,"Fr"),MatchTrad!A97,MatchTrad!B97) -> Montant | J77: =IF(EXACT('Page Titre'!LANGUE_FR_ENG,"Fr"),MatchTrad!A98,MatchTrad!B98) -> Pondération | L77: =IF(EXACT('Page Titre'!LANGUE_FR_ENG,"Fr"),MatchTrad!A99,MatchTrad!B99) -> Montant pondéré
D79: (01) | J79: (04) | L79: (05)
A80: =IF(EXACT('Page Titre'!LANGUE_FR_ENG,"Fr"),MatchTrad!A100,MatchTrad!B100) -> Total des dépôts de détail
A81: =IF(EXACT('Page Titre'!LANGUE_FR_ENG,"Fr"),MatchTrad!A101,MatchTrad!B101) -> Dépôts stables :
A82: =IF(EXACT('Page Titre'!LANGUE_FR_ENG,"Fr"),MatchTrad!A102,MatchTrad!B102) -> Dépôts assurés dans les comptes transactionnels :
A84: =IF(EXACT('Page Titre'!LANGUE_FR_ENG,"Fr"),MatchTrad!A103,MatchTrad!B103) -> Éligible à un taux de retrait de 3% :
B85: =IF(EXACT('Page Titre'!LANGUE_FR_ENG,"Fr"),MatchTrad!A104,MatchTrad!B104) -> Au Canada | C85: 21101 | J85: 0.03 | K85: 71101 | L85: =ROUND(D85*J85,5) -> 0
B86: =IF(EXACT('Page Titre'!LANGUE_FR_ENG,"Fr"),MatchTrad!A105,MatchTrad!B105) -> À l'étranger | C86: 21102 | J86: 0.03 | K86: 71102 | L86: =ROUND(D86*J86,5) -> 0
B87: =IF(EXACT('Page Titre'!LANGUE_FR_ENG,"Fr"),MatchTrad!A106,MatchTrad!B106) -> Éligible à un taux de retrait de 5% | C87: 21103 | J87: 0.05 | K87: 71103 | L87: =ROUND(D87*J87,5) -> 0
A88: =IF(EXACT('Page Titre'!LANGUE_FR_ENG,"Fr"),MatchTrad!A107,MatchTrad!B107) -> Dépôts assurés qui ne sont pas dans des comptes transactionnels avec des relations durables qui rendent un retrait très peu probable :
A89: =IF(EXACT('Page Titre'!LANGUE_FR_ENG,"Fr"),MatchTrad!A108,MatchTrad!B108) -> Éligible à un taux de retrait de 3% :
B90: =IF(EXACT('Page Titre'!LANGUE_FR_ENG,"Fr"),MatchTrad!A109,MatchTrad!B109) -> Au Canada | C90: 21104 | J90: 0.03 | K90: 71104 | L90: =ROUND(D90*J90,5) -> 0
B91: =IF(EXACT('Page Titre'!LANGUE_FR_ENG,"Fr"),MatchTrad!A110,MatchTrad!B110) -> À l'étranger | C91: 21105 | J91: 0.03 | K91: 71105 | L91: =ROUND(D91*J91,5) -> 0
B92: =IF(EXACT('Page Titre'!LANGUE_FR_ENG,"Fr"),MatchTrad!A111,MatchTrad!B111) -> Éligible à un taux de retrait de 5% | C92: 21106 | J92: 0.05 | K92: 71106 | L92: =ROUND(D92*J92,5) -> 0
A93: =IF(EXACT('Page Titre'!LANGUE_FR_ENG,"Fr"),MatchTrad!A112,MatchTrad!B112) -> Dépôts moins stables :
B94: =IF(EXACT('Page Titre'!LANGUE_FR_ENG,"Fr"),MatchTrad!A113,MatchTrad!B113) -> Dépôts assurés qui ne sont pas dans un compte transactionnel, dont le déposant n'a pas de relation durable avec l'institution | C94: 20010 | J94: 0.1 | K94: 70010 | L94: =ROUND(D94*J94,5) -> 0
B95: =IF(EXACT('Page Titre'!LANGUE_FR_ENG,"Fr"),MatchTrad!A114,MatchTrad!B114) -> Dépôts assurés qui proviennent de fonds et de fiducies dont le solde est contrôlé uniquement par le client de détail sous-jacent | C95: 20020 | J95: 0.1 | K95: 70020 | L95: =ROUND(D95*J95,5) -> 0
B96: =IF(EXACT('Page Titre'!LANGUE_FR_ENG,"Fr"),MatchTrad!A115,MatchTrad!B115) -> Dépôts non assurés (y compris la portion d'un dépôt excédant la limite de la garantie d'assurance-dépôts et les dépôts qui ne satisfont pas aux critères de la garantie d'assurance-dépôts) | C96: 21108 | J96: 0.1 | K96: 71108 | L96: =ROUND(D96*J96,5) -> 0
B97: =IF(EXACT('Page Titre'!LANGUE_FR_ENG,"Fr"),MatchTrad!A116,MatchTrad!B116) -> Dépôts libellés en devises étrangères | C97: 21110 | J97: 0.1 | K97: 71110 | L97: =ROUND(D97*J97,5) -> 0
B98: =IF(EXACT('Page Titre'!LANGUE_FR_ENG,"Fr"),MatchTrad!A117,MatchTrad!B117) -> Dépôts sensibles aux taux d'intérêt dont le client gère directement les fonds dans un compte transactionnel ou que le client a une relation durable avec l'institution | C98: 20030 | J98: 0.1 | K98: 70030 | L98: =ROUND(D98*J98,5) -> 0
B99: =IF(EXACT('Page Titre'!LANGUE_FR_ENG,"Fr"),MatchTrad!A118,MatchTrad!B118) -> Autres dépôts sensibles aux taux d'intérêt dont le client gère directement les fonds, qui ne sont pas dans un compte transactionnel ou que le client n'a pas une relation durable avec l'institution | C99: 20040 | J99: 0.2 | K99: 70040 | L99: =ROUND(D99*J99,5) -> 0
B100: =IF(EXACT('Page Titre'!LANGUE_FR_ENG,"Fr"),MatchTrad!A119,MatchTrad!B119) -> Dépôts à vue gérés directement par un tiers non affilié | C100: 20050 | J100: 0.4 | K100: 70050 | L100: =ROUND(D100*J100,5) -> 0
B101: =IF(EXACT('Page Titre'!LANGUE_FR_ENG,"Fr"),MatchTrad!A120,MatchTrad!B120) -> Dépôts à terme gérés directement par un tiers non affilié qui arrivent à échéance ou encaissables dans les 30 prochains jours | C101: 21109 | J101: 0.3 | K101: 71109 | L101: =ROUND(D101*J101,5) -> 0
B102: =IF(EXACT('Page Titre'!LANGUE_FR_ENG,"Fr"),MatchTrad!A121,MatchTrad!B121) -> Dépôts à terme avec une échéance résiduelle >30 jours | C102: 21111 | J102: 0 | K102: 71111 | L102: =ROUND(D102*J102,5) -> 0
B103: =IF(EXACT('Page Titre'!LANGUE_FR_ENG,"Fr"),MatchTrad!A122,MatchTrad!B122) -> Depôts de détail moins stables soumis aux exigences des juridictions d'accueil | C103: 21120 | J103: =IF(EXACT('Page Titre'!LANGUE_FR_ENG,"Fr"),MatchTrad!A123,MatchTrad!B123) -> Voir Section 6.2 | K103: 71120 | L103: =ROUND(H466,5) -> 0
A104: =IF(EXACT('Page Titre'!LANGUE_FR_ENG,"Fr"),MatchTrad!A124,MatchTrad!B124) -> Total des retraits sur les dépôts de détail | K104: 99024 | L104: =ROUND(SUM(L85:L87,L90:L92,L94:L103),5) -> 0
A105: =IF(EXACT('Page Titre'!LANGUE_FR_ENG,"Fr"),MatchTrad!A125,MatchTrad!B125) -> 2.2. Taux de retraits applicables aux financements de gros non garantis | D105: =IF(EXACT('Page Titre'!LANGUE_FR_ENG,"Fr"),MatchTrad!A126,MatchTrad!B126) -> Montant | J105: =IF(EXACT('Page Titre'!LANGUE_FR_ENG,"Fr"),MatchTrad!A127,MatchTrad!B127) -> Pondération | L105: =IF(EXACT('Page Titre'!LANGUE_FR_ENG,"Fr"),MatchTrad!A128,MatchTrad!B128) -> Montant Pondéré
A107: =IF(EXACT('Page Titre'!LANGUE_FR_ENG,"Fr"),MatchTrad!A129,MatchTrad!B129) -> Total des financements de gros non garantis
A108: =IF(EXACT('Page Titre'!LANGUE_FR_ENG,"Fr"),MatchTrad!A130,MatchTrad!B130) -> Total du financement fourni par des petites entreprises
A109: =IF(EXACT('Page Titre'!LANGUE_FR_ENG,"Fr"),MatchTrad!A131,MatchTrad!B131) -> Dépôts stables :
A110: =IF(EXACT('Page Titre'!LANGUE_FR_ENG,"Fr"),MatchTrad!A132,MatchTrad!B132) -> Dépôts assurés dans des comptes transactionnels :
A113: =IF(EXACT('Page Titre'!LANGUE_FR_ENG,"Fr"),MatchTrad!A133,MatchTrad!B133) -> Éligible à un taux de retrait de 3% :
B114: =IF(EXACT('Page Titre'!LANGUE_FR_ENG,"Fr"),MatchTrad!A134,MatchTrad!B134) -> Au Canada | C114: 21201 | J114: 0.03 | K114: 71201 | L114: =ROUND(D114*J114,5) -> 0
B115: =IF(EXACT('Page Titre'!LANGUE_FR_ENG,"Fr"),MatchTrad!A135,MatchTrad!B135) -> À l'étranger | C115: 21202 | J115: 0.03 | K115: 71202 | L115: =ROUND(D115*J115,5) -> 0
B116: =IF(EXACT('Page Titre'!LANGUE_FR_ENG,"Fr"),MatchTrad!A136,MatchTrad!B136) -> Éligible à un taux de retrait de 5% | C116: 21203 | J116: 0.05 | K116: 71203 | L116: =ROUND(D116*J116,5) -> 0
...

Sheet Instructions-LCR
A1: =IF(EXACT('Page Titre'!LANGUE_FR_ENG,"Fr"),MatchTrad!A521,MatchTrad!B521) -> INSTRUCTION - RATIO DE LIQUIDITÉ À COURT TERME LCR (LCR)
A3: =IF(EXACT('Page Titre'!LANGUE_FR_ENG,"Fr"),MatchTrad!A522,MatchTrad!B522) -> Identificateur de classification LCR | B3: =IF(EXACT('Page Titre'!LANGUE_FR_ENG,"Fr"),MatchTrad!A523,MatchTrad!B523) -> Description | C3: =IF(EXACT('Page Titre'!LANGUE_FR_ENG,"Fr"),MatchTrad!A524,MatchTrad!B524) -> Instructions | D3: =IF(EXACT('Page Titre'!LANGUE_FR_ENG,"Fr"),MatchTrad!A525,MatchTrad!B525) -> Paragraphe de référence de la Ligne Directrice (LD)
A4: 11001 | B4: =IF(EXACT('Page Titre'!LANGUE_FR_ENG,"Fr"),MatchTrad!A526,MatchTrad!B526) -> Actifs de niveau 1 - pièces et billets de banque | C4: =IF(EXACT('Page Titre'!LANGUE_FR_ENG,"Fr"),MatchTrad!A527,MatchTrad!B527) -> Pièces et billets de banque actuellement détenus par l’institution et qui sont disponibles sur-le-champ pour satisfaire aux obligations. Les dépôts auprès d’autres institutions ou provenant d’autres institutions doivent être déclarés à la section des entrées de trésorerie. | D4: =IF(EXACT('Page Titre'!LANGUE_FR_ENG,"Fr"),MatchTrad!A528,MatchTrad!B528) -> 50(a)
A5: 11002 | B5: =IF(EXACT('Page Titre'!LANGUE_FR_ENG,"Fr"),MatchTrad!A529,MatchTrad!B529) -> Actifs de niveau 1 – réserves de la banque centrale qui peuvent être retirées | C5: =IF(EXACT('Page Titre'!LANGUE_FR_ENG,"Fr"),MatchTrad!A530,MatchTrad!B530) -> Montant total détenu dans les réserves de la banque centrale et dépôts au jour le jour et à terme dans une banque centrale, qui peut être retiré en période de crise. Les montants qui doivent être versés dans les réserves de la banque centrale dans les 30 jours doivent être déclarés à la ligne 21231 - Soldes additionnels devant être maintenus dans les réserves des banques centrales. | D5: =IF(EXACT('Page Titre'!LANGUE_FR_ENG,"Fr"),MatchTrad!A531,MatchTrad!B531) -> 50(b)
A6: 11003 | B6: =IF(EXACT('Page Titre'!LANGUE_FR_ENG,"Fr"),MatchTrad!A532,MatchTrad!B532) -> Actifs de niveau 1 – réserves de la banque centrale qui ne peuvent être retirées | C6: =IF(EXACT('Page Titre'!LANGUE_FR_ENG,"Fr"),MatchTrad!A533,MatchTrad!B533) -> Montant total détenu dans les réserves de la banque centrale, y compris les dépôts au jour le jour et à terme d’une institution dans une banque centrale, qui ne peut être retiré en période de crise. Les dépôts à terme qui ne satisfont pas aux critères d’inclusion dans l’encours des ALHQ, mais qui arrivent à échéance dans les 30 jours, pourraient être considérés comme des entrées de trésorerie à la ligne 22204 - Entrées de trésorerie contractuelles - Banques centrales). | D6: =IF(EXACT('Page Titre'!LANGUE_FR_ENG,"Fr"),MatchTrad!A534,MatchTrad!B534) -> Note afférent au paragraphe 50(b)
A7: 11004 | B7: =IF(EXACT('Page Titre'!LANGUE_FR_ENG,"Fr"),MatchTrad!A535,MatchTrad!B535) -> Actifs de niveau 1 - Titres assortis d’une pondération de risque de 0 %, émis par des émetteurs souverains | C7: =IF(EXACT('Page Titre'!LANGUE_FR_ENG,"Fr"),MatchTrad!A536,MatchTrad!B536) -> Valeur marchande (avant décote) des titres de dette négociables éligibles émis par des émetteurs souverains, affectés d’une pondération de risque de 0 % dans l’approche standard pour le risque de crédit. | D7: =IF(EXACT('Page Titre'!LANGUE_FR_ENG,"Fr"),MatchTrad!A537,MatchTrad!B537) -> 50(c)
A8: 11005 | B8: =IF(EXACT('Page Titre'!LANGUE_FR_ENG,"Fr"),MatchTrad!A538,MatchTrad!B538) -> Actifs de niveau 1 - Titres affectés d’une pondération de risque de 0 % garantis par des émetteurs souverains | C8: =IF(EXACT('Page Titre'!LANGUE_FR_ENG,"Fr"),MatchTrad!A539,MatchTrad!B539) -> Valeur marchande (avant décote) des titres de dette négociables éligibles, garantis par des émetteurs souverains, affectés d’une pondération de risque de 0 % dans l’approche standard pour le risque de crédit. | D8: =IF(EXACT('Page Titre'!LANGUE_FR_ENG,"Fr"),MatchTrad!A540,MatchTrad!B540) -> 50(c)
A9: 11006 | B9: =IF(EXACT('Page Titre'!LANGUE_FR_ENG,"Fr"),MatchTrad!A541,MatchTrad!B541) -> Actifs de niveau 1 - Titres affectés d’une pondération de risque de 0 %, émis ou garantis par des banques centrales | C9: =IF(EXACT('Page Titre'!LANGUE_FR_ENG,"Fr"),MatchTrad!A542,MatchTrad!B542) -> Valeur marchande (avant décote) des titres de dette négociables éligibles, émis ou garantis par des banques centrales, affectés d’une pondération de risque de 0 % dans l’approche standard pour le risque de crédit. | D9: =IF(EXACT('Page Titre'!LANGUE_FR_ENG,"Fr"),MatchTrad!A543,MatchTrad!B543) -> 50(c)
A10: 11007 | B10: =IF(EXACT('Page Titre'!LANGUE_FR_ENG,"Fr"),MatchTrad!A544,MatchTrad!B544) -> Actifs de niveau 1 - Titres affectés d’une pondération de risque de 0 %, émis ou garantis par des organismes publics | C10: =IF(EXACT('Page Titre'!LANGUE_FR_ENG,"Fr"),MatchTrad!A545,MatchTrad!B545) -> Valeur marchande (avant décote) des titres de dette négociables éligibles, émis ou garantis par des organismes publics, affectés d’une pondération de risque de 0 % dans l’approche standard pour le risque de crédit. | D10: =IF(EXACT('Page Titre'!LANGUE_FR_ENG,"Fr"),MatchTrad!A546,MatchTrad!B546) -> 50(c)
A11: 11008 | B11: =IF(EXACT('Page Titre'!LANGUE_FR_ENG,"Fr"),MatchTrad!A547,MatchTrad!B547) -> Actifs de niveau 1 - Titres affectés d’une pondération de risque de 0 %, émis ou garantis par la BRI, le FMI, la BCE et la Communauté européenne, ou des BMD | C11: =IF(EXACT('Page Titre'!LANGUE_FR_ENG,"Fr"),MatchTrad!A548,MatchTrad!B548) -> Valeur marchande (avant décote) des titres de dette négociables éligibles, émis ou garantis par la Banque des règlements internationaux, le Fonds monétaire international, la Banque centrale européenne (BCE) et la Communauté européenne ou des Banques multilatérales de développement (BMD), affectés d’une pondération de risque de 0 % dans l’approche standard pour le risque de crédit. | D11: =IF(EXACT('Page Titre'!LANGUE_FR_ENG,"Fr"),MatchTrad!A549,MatchTrad!B549) -> 50(c)
A12: 11009 | B12: =IF(EXACT('Page Titre'!LANGUE_FR_ENG,"Fr"),MatchTrad!A550,MatchTrad!B550) -> Actifs de niveau 1 - Titres émis en monnaie locale lorsque la pondération de risque est autre que 0 % | C12: =IF(EXACT('Page Titre'!LANGUE_FR_ENG,"Fr"),MatchTrad!A551,MatchTrad!B551) -> Valeur marchande (avant décote) des titres de dette éligibles, émis par un émetteur souverain ou la banque centrale du pays en monnaie locale, qui n’est pas éligible aux fins d’inclusion aux lignes 11004 - Actifs de niveau 1 – Titres émis par un émetteur souverain ou 11005 - Actifs de niveau 1 – Titres garantis par un émetteur souverain en raison d’une pondération de risque autre que 0 % appliquée par ce pays. Les institutions ne sont autorisées à inclure que des titres de dette émis par des émetteurs souverains ou des banques centrales de leur pays d’origine ou d’autres pays, dans la mesure où le risque de liquidité a été pris dans ces pays. | D12: =IF(EXACT('Page Titre'!LANGUE_FR_ENG,"Fr"),MatchTrad!A552,MatchTrad!B552) -> 50(d)
A13: 11010 | B13: =IF(EXACT('Page Titre'!LANGUE_FR_ENG,"Fr"),MatchTrad!A553,MatchTrad!B553) -> Actifs de niveau 1 - Titres émis en monnaie étrangère lorsque la pondération de risque est autre que 0 % | C13: =IF(EXACT('Page Titre'!LANGUE_FR_ENG,"Fr"),MatchTrad!A554,MatchTrad!B554) -> Valeur marchande (avant décote) des titres de dette éligibles, émis par un émetteur souverain ou la banque centrale en monnaie étrangère (qui n’est pas éligible aux fins d’inclusion aux lignes 11004 - Actifs de niveau 1 – Titres émis par un émetteur souverain ou 11005 - Actifs de niveau 1 – Titres garantis par un émetteur souverain en raison d’une pondération de risque autre que 0 % appliquée par le pays visé), à concurrence du montant des sorties nettes de trésorerie que l’institution devrait effectuer en période de crise dans cette monnaie en raison de ses opérations dans le pays où le risque de liquidité est pris. | D13: =IF(EXACT('Page Titre'!LANGUE_FR_ENG,"Fr"),MatchTrad!A555,MatchTrad!B555) -> 50(e)
A14: 12001 | B14: =IF(EXACT('Page Titre'!LANGUE_FR_ENG,"Fr"),MatchTrad!A556,MatchTrad!B556) -> Actifs de niveau 2A - Titres assortis d’une pondération de risque de 20 % émis par un émetteur souverain | C14: =IF(EXACT('Page Titre'!LANGUE_FR_ENG,"Fr"),MatchTrad!A557,MatchTrad!B557) -> Valeur marchande (avant décote) des titres de dette négociables éligibles, émis par un émetteur souverain, affectés d’une pondération de risque de 20 % dans l’approche standard pour le risque de crédit, et non inclus aux lignes 11009 – Actifs de niveau 1 – Titres de dette affectés d’une pondération de risque autre que 0 %, émis en monnaie locale ou 11010 - Actifs de niveau 1 – Titres de dette affectés d’une pondération de risque autre que 0 %, émis dans une monnaie étrangère. | D14: =IF(EXACT('Page Titre'!LANGUE_FR_ENG,"Fr"),MatchTrad!A558,MatchTrad!B558) -> 52(a)
A15: 12002 | B15: =IF(EXACT('Page Titre'!LANGUE_FR_ENG,"Fr"),MatchTrad!A559,MatchTrad!B559) -> Actifs de niveau 2A - Titres affectés d’une pondération de risque de 20 % garantis par un émetteur souverain | C15: =IF(EXACT('Page Titre'!LANGUE_FR_ENG,"Fr"),MatchTrad!A560,MatchTrad!B560) -> Valeur marchande (avant décote) des titres de dette négociables éligibles, garantis par un émetteur souverain, affectés d’une pondération de risque de 20 % dans l’approche standard pour le risque de crédit. | D15: =IF(EXACT('Page Titre'!LANGUE_FR_ENG,"Fr"),MatchTrad!A561,MatchTrad!B561) -> 52(a)
A16: 12003 | B16: =IF(EXACT('Page Titre'!LANGUE_FR_ENG,"Fr"),MatchTrad!A562,MatchTrad!B562) -> Actifs de niveau 2A - Titres affectés d’une pondération de risque de 20 %, émis ou garantis par des banques centrales | C16: =IF(EXACT('Page Titre'!LANGUE_FR_ENG,"Fr"),MatchTrad!A563,MatchTrad!B563) -> Valeur marchande (avant décote) des titres de dette négociables éligibles, émis ou garantis par des banques centrales, affectés d’une pondération de risque de 20 % dans l’approche standard pour le risque de crédit, et non inclus aux lignes 11009 – Actifs de niveau 1 – Titres de dette affectés d’une pondération de risque autre que 0 %, émis en monnaie locale ou 11010 - Actifs de niveau 1 – Titres de dette affectés d’une pondération de risque autre que 0 %, émis dans une monnaie étrangère. | D16: =IF(EXACT('Page Titre'!LANGUE_FR_ENG,"Fr"),MatchTrad!A564,MatchTrad!B564) -> 52(a)
A17: 12004 | B17: =IF(EXACT('Page Titre'!LANGUE_FR_ENG,"Fr"),MatchTrad!A565,MatchTrad!B565) -> Actifs de niveau 2A - Titres affectés d’une pondération de risque de 20 %, émis ou garantis par des organismes publics | C17: =IF(EXACT('Page Titre'!LANGUE_FR_ENG,"Fr"),MatchTrad!A566,MatchTrad!B566) -> Valeur marchande (avant décote) des titres de dette négociables éligibles, émis ou garantis par des organismes publics, affectés d’une pondération de risque de 20 % dans l’approche standard pour le risque de crédit. | D17: =IF(EXACT('Page Titre'!LANGUE_FR_ENG,"Fr"),MatchTrad!A567,MatchTrad!B567) -> 52(a)
A18: 12005 | B18: =IF(EXACT('Page Titre'!LANGUE_FR_ENG,"Fr"),MatchTrad!A568,MatchTrad!B568) -> Actifs de niveau 2A - Titres affectés d’une pondération de risque de 20 %, émis ou garantis par des BMD | C18: =IF(EXACT('Page Titre'!LANGUE_FR_ENG,"Fr"),MatchTrad!A569,MatchTrad!B569) -> Valeur marchande (avant décote) des titres de dette négociables éligibles, émis ou garantis par des banques multilatérales de développement, affectés d’une pondération de risque de 20 % dans l’approche standard pour le risque de crédit. | D18: =IF(EXACT('Page Titre'!LANGUE_FR_ENG,"Fr"),MatchTrad!A570,MatchTrad!B570) -> 52(a)
A19: 12006 | B19: =IF(EXACT('Page Titre'!LANGUE_FR_ENG,"Fr"),MatchTrad!A571,MatchTrad!B571) -> Actifs de niveau 2A - Obligations d’entreprises non financières cotées AA- ou mieux | C19: =IF(EXACT('Page Titre'!LANGUE_FR_ENG,"Fr"),MatchTrad!A572,MatchTrad!B572) -> Valeur marchande (avant décote) des obligations éligibles d’entreprises non financières (y compris le papier commercial), cotées AA- ou mieux. | D19: =IF(EXACT('Page Titre'!LANGUE_FR_ENG,"Fr"),MatchTrad!A573,MatchTrad!B573) -> 52(b)
A20: 12007 | B20: =IF(EXACT('Page Titre'!LANGUE_FR_ENG,"Fr"),MatchTrad!A574,MatchTrad!B574) -> Actifs de niveau 2A - Obligations sécurisées cotées AA- ou mieux | C20: =IF(EXACT('Page Titre'!LANGUE_FR_ENG,"Fr"),MatchTrad!A575,MatchTrad!B575) -> Valeur marchande (avant décote) des obligations éligibles sécurisées, émises par un tier, cotées AA- ou mieux. | D20: =IF(EXACT('Page Titre'!LANGUE_FR_ENG,"Fr"),MatchTrad!A576,MatchTrad!B576) -> 52(b)
A21: 13001 | B21: =IF(EXACT('Page Titre'!LANGUE_FR_ENG,"Fr"),MatchTrad!A577,MatchTrad!B577) -> Actifs de niveau 2B - RMBS cotés AA ou mieux | C21: =IF(EXACT('Page Titre'!LANGUE_FR_ENG,"Fr"),MatchTrad!A578,MatchTrad!B578) -> Valeur marchande (avant décote) des RMBS éligibles, cotées AA ou mieux. | D21: =IF(EXACT('Page Titre'!LANGUE_FR_ENG,"Fr"),MatchTrad!A579,MatchTrad!B579) -> 54(a)
A22: 13002 | B22: =IF(EXACT('Page Titre'!LANGUE_FR_ENG,"Fr"),MatchTrad!A580,MatchTrad!B580) -> Actifs de niveau 2B - Obligations d’entreprises non financières cotées BBB- à A+ | C22: =IF(EXACT('Page Titre'!LANGUE_FR_ENG,"Fr"),MatchTrad!A581,MatchTrad!B581) -> Valeur marchande (avant décote) des titres de dette d’entreprises non financières (y compris le papier commercial), cotés BBB- à A+. | D22: =IF(EXACT('Page Titre'!LANGUE_FR_ENG,"Fr"),MatchTrad!A582,MatchTrad!B582) -> 54(b)
A23: 13003 | B23: =IF(EXACT('Page Titre'!LANGUE_FR_ENG,"Fr"),MatchTrad!A583,MatchTrad!B583) -> Actifs de niveau 2B – Actions ordinaires d’entreprises non financières | C23: =IF(EXACT('Page Titre'!LANGUE_FR_ENG,"Fr"),MatchTrad!A584,MatchTrad!B584) -> Valeur marchande (avant décote) des actions ordinaires éligibles d’entreprises non financières. | D23: =IF(EXACT('Page Titre'!LANGUE_FR_ENG,"Fr"),MatchTrad!A585,MatchTrad!B585) -> 54(c)
A24: 13004 | B24: =IF(EXACT('Page Titre'!LANGUE_FR_ENG,"Fr"),MatchTrad!A586,MatchTrad!B586) -> Actifs de niveau 2B - Titres de dette de l’émetteur souverain ou de la banque centrale cotés BBB- à BBB+ | C24: =IF(EXACT('Page Titre'!LANGUE_FR_ENG,"Fr"),MatchTrad!A587,MatchTrad!B587) -> Valeur marchande (avant décote) des titres de dette éligibles émis par un émetteur souverain ou la banque centrale cotés de BBB- à BBB+ qui ne sont pas déjà compris dans les codes 11009, Actifs de niveau 1 - Titres émis en monnaie locale lorsque la pondération de risque est autre que 0 %, ou 11010, Actifs de niveau 1 - Titres émis en monnaie étrangère lorsque la pondération de risque est autre que 0 %. | D24: =IF(EXACT('Page Titre'!LANGUE_FR_ENG,"Fr"),MatchTrad!A588,MatchTrad!B588) -> 54(c)
A25: 14001 | B25: =IF(EXACT('Page Titre'!LANGUE_FR_ENG,"Fr"),MatchTrad!A589,MatchTrad!B589) -> Actifs de niveau 1 - exclusions imputables à des restrictions imposées à l’entité juridique | C25: =IF(EXACT('Page Titre'!LANGUE_FR_ENG,"Fr"),MatchTrad!A590,MatchTrad!B590) -> Valeur marchande (avant décote) de l’excédent des actifs de niveau 1 détenus par l’entité juridique, qui sont exclus de l’encours des ALHQ consolidés à cause d’un doute raisonnable selon lequel l’entité consolidée (société mère) y aurait facilement accès en situation de crise. | D25: =IF(EXACT('Page Titre'!LANGUE_FR_ENG,"Fr"),MatchTrad!A591,MatchTrad!B591) -> 36-37; 171-172
A26: 14002 | B26: =IF(EXACT('Page Titre'!LANGUE_FR_ENG,"Fr"),MatchTrad!A592,MatchTrad!B592) -> Actifs de niveau 2A - exclusions imputables à des restrictions imposées à l’entité juridique | C26: =IF(EXACT('Page Titre'!LANGUE_FR_ENG,"Fr"),MatchTrad!A593,MatchTrad!B593) -> Valeur marchande (avant décote) de l’excédent des actifs de niveau 2A détenus par l’entité juridique, qui sont exclus de l’encours des ALHQ consolidés à cause d’un doute raisonnable selon lequel l’entité consolidée (société mère) y aurait facilement accès en situation de crise. | D26: =IF(EXACT('Page Titre'!LANGUE_FR_ENG,"Fr"),MatchTrad!A594,MatchTrad!B594) -> 36-37; 171-172
A27: 14003 | B27: =IF(EXACT('Page Titre'!LANGUE_FR_ENG,"Fr"),MatchTrad!A595,MatchTrad!B595) -> Actifs RMBS de niveau 2B - exclusions imputables à des restrictions imposées à l’entité juridique | C27: =IF(EXACT('Page Titre'!LANGUE_FR_ENG,"Fr"),MatchTrad!A596,MatchTrad!B596) -> Valeur marchande (avant décote) de l’excédent des actifs de niveau 2B RMBS détenus par l’entité juridique, qui sont exclus de l’encours des ALHQ consolidés à cause d’un doute raisonnable selon lequel l’entité consolidée (société mère) y aurait facilement accès en situation de crise. | D27: =IF(EXACT('Page Titre'!LANGUE_FR_ENG,"Fr"),MatchTrad!A597,MatchTrad!B597) -> 36-37; 171-172
A28: 14004 | B28: =IF(EXACT('Page Titre'!LANGUE_FR_ENG,"Fr"),MatchTrad!A598,MatchTrad!B598) -> Actifs de niveau 2B non RMBS - exclusions imputables à des restrictions imposées à l’entité juridique | C28: =IF(EXACT('Page Titre'!LANGUE_FR_ENG,"Fr"),MatchTrad!A599,MatchTrad!B599) -> Valeur marchande (avant décote) de l’excédent des actifs de niveau 2B non RMBS détenus par l’entité juridique, qui sont exclus de l’encours des ALHQ consolidés à cause d’un doute raisonnable selon lequel l’entité consolidée (société mère) y aurait facilement accès en situation de crise. | D28: =IF(EXACT('Page Titre'!LANGUE_FR_ENG,"Fr"),MatchTrad!A600,MatchTrad!B600) -> 36-37; 171-172
A29: 14005 | B29: =IF(EXACT('Page Titre'!LANGUE_FR_ENG,"Fr"),MatchTrad!A601,MatchTrad!B601) -> Actifs de niveau 1 - exclusions en raison de restrictions opérationnelles | C29: =IF(EXACT('Page Titre'!LANGUE_FR_ENG,"Fr"),MatchTrad!A602,MatchTrad!B602) -> Valeur marchande (avant décote) des actifs de niveau 1 détenus par l’institution, qui ne sont pas inclus dans l’encours des ALHQ en raison de restrictions opérationnelles imposées aux ALHQ. | D29: =IF(EXACT('Page Titre'!LANGUE_FR_ENG,"Fr"),MatchTrad!A603,MatchTrad!B603) -> 31-34, 38-40
A30: 14006 | B30: =IF(EXACT('Page Titre'!LANGUE_FR_ENG,"Fr"),MatchTrad!A604,MatchTrad!B604) -> Actifs de niveau 2A - exclusions en raison de restrictions opérationnelles | C30: =IF(EXACT('Page Titre'!LANGUE_FR_ENG,"Fr"),MatchTrad!A605,MatchTrad!B605) -> La valeur marchande (avant décote) des actifs de niveau 2A détenus par l’institution, qui ne sont pas inclus dans l’encours des ALHQ en raison de restrictions opérationnelles imposées aux ALHQ. | D30: =IF(EXACT('Page Titre'!LANGUE_FR_ENG,"Fr"),MatchTrad!A606,MatchTrad!B606) -> 31-34, 38-40
A31: 14007 | B31: =IF(EXACT('Page Titre'!LANGUE_FR_ENG,"Fr"),MatchTrad!A607,MatchTrad!B607) -> Actifs de niveau 2B RMBS - exclusions en raison de restrictions opérationnelles | C31: =IF(EXACT('Page Titre'!LANGUE_FR_ENG,"Fr"),MatchTrad!A608,MatchTrad!B608) -> La valeur marchande (avant décote) des actifs de niveau 2B RMBS détenus par l’institution, qui ne sont pas inclus dans l’encours des ALHQ en raison de restrictions opérationnelles imposées aux ALHQ. | D31: =IF(EXACT('Page Titre'!LANGUE_FR_ENG,"Fr"),MatchTrad!A609,MatchTrad!B609) -> 31-34, 38-40
A32: 14008 | B32: =IF(EXACT('Page Titre'!LANGUE_FR_ENG,"Fr"),MatchTrad!A610,MatchTrad!B610) -> Actifs de niveau 2B non RMBS - exclusions en raison de restrictions opérationnelles | C32: =IF(EXACT('Page Titre'!LANGUE_FR_ENG,"Fr"),MatchTrad!A611,MatchTrad!B611) -> La valeur marchande (avant décote) des actifs de niveau 2B non RMBS détenus par l’institution, qui ne sont pas inclus dans l’encours des ALHQ en raison de restrictions opérationnelles imposées aux ALHQ. | D32: =IF(EXACT('Page Titre'!LANGUE_FR_ENG,"Fr"),MatchTrad!A612,MatchTrad!B612) -> 31-34; 38-40
A33: 21101 | B33: =IF(EXACT('Page Titre'!LANGUE_FR_ENG,"Fr"),MatchTrad!A613,MatchTrad!B613) -> Dépôts de détail – assurés, éligibles à un taux de retrait de 3 % sur comptes courants (Canada) | C33: =IF(EXACT('Page Titre'!LANGUE_FR_ENG,"Fr"),MatchTrad!A614,MatchTrad!B614) -> Total des dépôts de détail entièrement garantis par un dispositif efficace d'assurance-_x001E_dépôts sur des comptes courants au Canada. | D33: 78
A34: 21102 | B34: =IF(EXACT('Page Titre'!LANGUE_FR_ENG,"Fr"),MatchTrad!A615,MatchTrad!B615) -> Dépôts de détail – assurés, éligibles à un taux de retrait de 3 % sur comptes courants (à l’étranger) | C34: =IF(EXACT('Page Titre'!LANGUE_FR_ENG,"Fr"),MatchTrad!A616,MatchTrad!B616) -> Total des dépôts de détail entièrement garantis par un dispositif efficace d'assurance-_x001E_dépôts sur des comptes courants dans des pays autres que le Canada, dans la mesure où l’autorité de contrôle décide d’appliquer à ces dépôts un taux de retrait de 3 %. | D34: 78
A35: 21103 | B35: =IF(EXACT('Page Titre'!LANGUE_FR_ENG,"Fr"),MatchTrad!A617,MatchTrad!B617) -> Dépôts de détail – assurés, éligibles à un taux de retrait de 5 % sur comptes courants | C35: =IF(EXACT('Page Titre'!LANGUE_FR_ENG,"Fr"),MatchTrad!A618,MatchTrad!B618) -> Total des dépôts de détail entièrement garantis par un dispositif efficace d'assurance-dépôts sur des comptes courants dans des pays autres que le Canada, dans la mesure où l’autorité de contrôle décide d’appliquer à ces dépôts un taux de retrait de 5 %. | D35: 75
A36: 21104 | B36: =IF(EXACT('Page Titre'!LANGUE_FR_ENG,"Fr"),MatchTrad!A619,MatchTrad!B619) -> Dépôts de détail – assurés, éligibles à un taux de retrait de 3 % sur comptes autres que courants – le déposant entretient des relations avec l’institution (Canada). | C36: =IF(EXACT('Page Titre'!LANGUE_FR_ENG,"Fr"),MatchTrad!A620,MatchTrad!B620) -> Total des dépôts de détail entièrement garantis par un dispositif efficace d'assurance-dépôts sur des comptes autres que courants - le déposant entretient des relations avec l’institution au Canada. | D36: 78
A37: 21105 | B37: =IF(EXACT('Page Titre'!LANGUE_FR_ENG,"Fr"),MatchTrad!A621,MatchTrad!B621) -> Dépôts de détail – assurés, éligibles à un taux de retrait de 3 % sur comptes autres que courants - le déposant entretient des relations avec l’institution (à l’étranger). | C37: =IF(EXACT('Page Titre'!LANGUE_FR_ENG,"Fr"),MatchTrad!A622,MatchTrad!B622) -> Total des dépôts de détail entièrement garantis par un dispositif efficace d’assurance-dépôts sur des comptes autres que courants dans des pays autres que le Canada, dans la mesure où l’autorité de contrôle décide d’appliquer à ces dépôts un taux de retrait de 3 % - le déposant entretient des relations avec l’institution hors Canada. | D37: 78
A38: 21106 | B38: =IF(EXACT('Page Titre'!LANGUE_FR_ENG,"Fr"),MatchTrad!A623,MatchTrad!B623) -> Dépôts de détail – assurés, éligibles à un taux de retrait de 5 % sur comptes autres que courants – le déposant entretient des relations avec l’institution. | C38: =IF(EXACT('Page Titre'!LANGUE_FR_ENG,"Fr"),MatchTrad!A624,MatchTrad!B624) -> Total des dépôts de détail entièrement garantis par un dispositif efficace d’assurance-dépôts sur des comptes autres que courants dans des pays autres que le Canada, dans la mesure où l’autorité de contrôle décide d’appliquer à ces dépôts un taux de retrait de 5 % - le déposant entretient des relations avec l’institution hors Canada. | D38: 75
A39: 21107 | B39: =IF(EXACT('Page Titre'!LANGUE_FR_ENG,"Fr"),MatchTrad!A625,MatchTrad!B625) -> Dépôts de détail – assurés, sur comptes autres que courants – le déposant n’entretient pas de relations avec l’institution. | C39: =IF(EXACT('Page Titre'!LANGUE_FR_ENG,"Fr"),MatchTrad!A626,MatchTrad!B626) -> Total des dépôts de détail entièrement garantis par un dispositif efficace d’assurance-dépôts sur des comptes autres que courants – le déposant n’entretient pas avec l’institution d’autres relations durables qui rendent un retrait très improbable. | D39: 79
A40: 20010 | B40: =IF(EXACT('Page Titre'!LANGUE_FR_ENG,"Fr"),MatchTrad!A627,MatchTrad!B627) -> Dépôts de détail – Dépôts assurés qui n'est pas dans un compte transactionnel, dont le déposant n'a pas de relation durable avec l'institution | C40: =IF(EXACT('Page Titre'!LANGUE_FR_ENG,"Fr"),MatchTrad!A628,MatchTrad!B628) -> Total des dépôts de détail entièrement garantis par un dispositif efficace d’assurance-dépôts sur des comptes autres que courants – le déposant n’entretient pas avec l’institution d’autres relations durables qui rendent un retrait très improbable. | D40: 79
A41: 20020 | B41: =IF(EXACT('Page Titre'!LANGUE_FR_ENG,"Fr"),MatchTrad!A629,MatchTrad!B629) -> Dépôts de détail – Dépôts assurés qui proviennent de fonds et de fiducies dont le solde est contrôlé uniquement par le client de détail sous-jacent | C41: =IF(EXACT('Page Titre'!LANGUE_FR_ENG,"Fr"),MatchTrad!A630,MatchTrad!B630) -> Dépôts de détail garantis provenant d'un fonds ou d'une fiducie, à condition que le solde soit contrôlé uniquement par le client de détail sous-jacent, c'est-à-dire que le fonds ou la fiducie n'influence pas le solde placé ni l'institution dans laquelle ce solde est placé après le placement initial | D41: 79
A42: 21108 | B42: =IF(EXACT('Page Titre'!LANGUE_FR_ENG,"Fr"),MatchTrad!A637,MatchTrad!B637) -> Dépôts de détail – Dépôts non assurés, y compris la portion d'un dépôt excédant qui dépasse la limite de la garantie d'assurance-dépôts et les dépôts qui ne satisfaisaont pas aux critères de la garantie d'assurance-dépôts | C42: =IF(EXACT('Page Titre'!LANGUE_FR_ENG,"Fr"),MatchTrad!A638,MatchTrad!B638) -> Total des dépôts de détail sans échéance ou à échéance d'au plus de 30 jours qui ne sont pas entièrement garantis par un dispositif efficace d'assurance-dépôts. | D42: 79
A43: 20030 | B43: =IF(EXACT('Page Titre'!LANGUE_FR_ENG,"Fr"),MatchTrad!A631,MatchTrad!B631) -> Dépôts de détail – Dépôts sensibles aux taux d'intérêt dont le client gère directement les fonds dans un compte transactionnel ou que le client a une relation durable avec l'institution | C43: =IF(EXACT('Page Titre'!LANGUE_FR_ENG,"Fr"),MatchTrad!A632,MatchTrad!B632) -> Total des dépôts sensibles aux taux d'intérêt dont le client gère directement les fonds dans un compte transactionnel ou que le client a une relation durable avec l'institution, tel qu'il est défini au paragraphe 74. | D43: 79
A44: 20040 | B44: =IF(EXACT('Page Titre'!LANGUE_FR_ENG,"Fr"),MatchTrad!A633,MatchTrad!B633) -> Dépôts de détail – Autres dépôts sensibles aux taux d'intérêt dont le client gère directement les fonds, qui ne sont pas dans un compte transactionnel ou que le client n'a pas une relation durable avec l'institution | C44: =IF(EXACT('Page Titre'!LANGUE_FR_ENG,"Fr"),MatchTrad!A634,MatchTrad!B634) -> Total des autres dépôts sensibles aux taux d'intérêt dont le client gère directement les fonds, qui ne sont pas dans un compte transactionnel ou que le client n'a pas une relation durable avec l'institution | D44: 79
A45: 20050 | B45: =IF(EXACT('Page Titre'!LANGUE_FR_ENG,"Fr"),MatchTrad!A635,MatchTrad!B635) -> Dépôts de détail – Dépôts à vue gérés directement par un tiers non affilié | C45: =IF(EXACT('Page Titre'!LANGUE_FR_ENG,"Fr"),MatchTrad!A636,MatchTrad!B636) -> Total des dépôts à vue gérés directement par un tiers non affilié, tel que défini au paragraphe 74. Cette catégorie doit également inclure, de manière temporaire, les billets négociables en bourse et les dépôts issus de partenariats classés comme étant moins stables. | D45: 79
A46: 21109 | B46: =IF(EXACT('Page Titre'!LANGUE_FR_ENG,"Fr"),MatchTrad!A639,MatchTrad!B639) -> Dépôts à terme gérés directement par un tiers non affilié qui arriveant à échéance ou encaissables dans les 30 prochains jours | C46: =IF(EXACT('Page Titre'!LANGUE_FR_ENG,"Fr"),MatchTrad!A640,MatchTrad!B640) -> Total des dépôts de détail provenant d’un tiers non affilié (c.-à-d. une entité qui n’appartient pas à la même famille que l’institution ou qui n’est pas une filiale de l’institution). | D46: 79
A47: 21110 | B47: =IF(EXACT('Page Titre'!LANGUE_FR_ENG,"Fr"),MatchTrad!A641,MatchTrad!B641) -> Dépôts de détail – Dépôts canadiens libellés en devises étrangères | C47: =IF(EXACT('Page Titre'!LANGUE_FR_ENG,"Fr"),MatchTrad!A642,MatchTrad!B642) -> Total des dépôts de détail libellés en devises étrangères (c.-à-d. les dépôts libellés dans une monnaie autre que celle de l’administration où l’institution exerce ses activités). | D47: 79
A48: 21111 | B48: =IF(EXACT('Page Titre'!LANGUE_FR_ENG,"Fr"),MatchTrad!A643,MatchTrad!B643) -> Dépôts de détail – dépôts à terme – échéance résiduelle de > 30 jours | C48: =IF(EXACT('Page Titre'!LANGUE_FR_ENG,"Fr"),MatchTrad!A644,MatchTrad!B644) -> Total des dépôts de détail à échéance résiduelle ou à préavis de plus de 30 jours, si le déposant n’est pas légalement autorisé à les retirer dans les 30 jours, ou si un retrait anticipé engendre une pénalité sensiblement supérieure à la perte d’intérêt. | D48: 82
A49: 21120 | B49: =IF(EXACT('Page Titre'!LANGUE_FR_ENG,"Fr"),MatchTrad!A645,MatchTrad!B645) -> Depôts de détail moins stables soumis aux exigences des juridictions d'accueil | C49: =IF(EXACT('Page Titre'!LANGUE_FR_ENG,"Fr"),MatchTrad!A646,MatchTrad!B646) -> Au moment de calculer le LCR consolidé, les institutions doivent appliquer les paramètres de liquidité de la Ligne directrice sur les normes relatives à la suffisance des liquidités à toutes les entités consolidées, à l'exception des dépôts de détail et des dépôts fournis par des petites entreprises, pour lesquels elles doivent suivre les paramètres pertinents adoptés dans les juridictions d'accueil dans lesquelles elles exercent des activités. Le total des montants et des montants pondérés de ces dépôts de détail (les dépôts fournis par des petites entreprises sont déclarés séparément à la section 2.2 du formulaire LCR) doit être déclaré ici, tandis que leur ventilation est déclarée à la section 6. | D49: 169
A50: 21201 | B50: =IF(EXACT('Page Titre'!LANGUE_FR_ENG,"Fr"),MatchTrad!A647,MatchTrad!B647) -> Dépôts assurés, taux de retrait de 3 % sur comptes transactionnels (Canada) | C50: =IF(EXACT('Page Titre'!LANGUE_FR_ENG,"Fr"),MatchTrad!A648,MatchTrad!B648) -> Total des dépôts entièrement garanti par un dispositif efficace d'assurance-dépôts sur comptes transactionnels au Canada. | D50: 78.89
A51: 21202 | B51: =IF(EXACT('Page Titre'!LANGUE_FR_ENG,"Fr"),MatchTrad!A649,MatchTrad!B649) -> Dépôts garantis, taux de retrait de 3 % sur comptes transactionnels (à l’étranger) | C51: =IF(EXACT('Page Titre'!LANGUE_FR_ENG,"Fr"),MatchTrad!A650,MatchTrad!B650) -> Total des dépôts entièrement garanti par un dispositif efficace d’assurance-dépôts sur des comptes transactionnels dans des pays autres que le Canada, dans la mesure où l’autorité de contrôle décide d’appliquer à ce financement un taux de retrait de 3 %. | D51: 78.89
A52: 21203 | B52: =IF(EXACT('Page Titre'!LANGUE_FR_ENG,"Fr"),MatchTrad!A651,MatchTrad!B651) -> Dépôts assurés, taux de retrait de 5 % sur comptes courants (à l’étranger) | C52: =IF(EXACT('Page Titre'!LANGUE_FR_ENG,"Fr"),MatchTrad!A652,MatchTrad!B652) -> Total des dépôts entièrement garanti par un dispositif efficace d’assurance-dépôts sur comptes transactionnels dans des pays autres que le Canada, dans la mesure où l’autorité de contrôle décide d’appliquer à ce financement un taux de retrait de 5 %. | D52: 75.89
A53: 21204 | B53: =IF(EXACT('Page Titre'!LANGUE_FR_ENG,"Fr"),MatchTrad!A653,MatchTrad!B653) -> Dépôts assurés, sur comptes autres que transactionnels – le déposant entretient des relations avec l’institution, taux de retrait de 3 % (Canada) | C53: =IF(EXACT('Page Titre'!LANGUE_FR_ENG,"Fr"),MatchTrad!A654,MatchTrad!B654) -> Total des dépôts entièrement garanti par un dispositif efficace d’assurance-dépôts sur comptes autres que transactionnels – le déposant entretient des relations avec l’institution au Canada. | D53: 78.89
A54: 21205 | B54: =IF(EXACT('Page Titre'!LANGUE_FR_ENG,"Fr"),MatchTrad!A655,MatchTrad!B655) -> Dépôts garanti, sur comptes autres que transactionnels – le déposant entretient des relations avec l’institution, taux de retrait de 3 % (à l’étranger) | C54: =IF(EXACT('Page Titre'!LANGUE_FR_ENG,"Fr"),MatchTrad!A656,MatchTrad!B656) -> Total des dépôts entièrement garanti par un dispositif efficace d’assurance-dépôts sur comptes autres que courants – le déposant entretient des relations avec l’institution dans des pays autres que le Canada, dans la mesure où l’autorité de contrôle décide d’appliquer à ce financement un taux de retrait de 3 %. | D54: 78.89
A55: 21206 | B55: =IF(EXACT('Page Titre'!LANGUE_FR_ENG,"Fr"),MatchTrad!A657,MatchTrad!B657) -> Dépôts garantis, sur comptes autres que transactionnels – le déposant entretient une relation durable avec l’institution, taux de retrait de 5 % | C55: =IF(EXACT('Page Titre'!LANGUE_FR_ENG,"Fr"),MatchTrad!A658,MatchTrad!B658) -> Total des dépôts entièrement garanti par un dispositif efficace d’assurance-dépôts sur comptes autres que courants - le déposant entretient des relations avec l’institution dans des pays autres que le Canada, dans la mesure où l’autorité de contrôle décide d’appliquer à ce financement un taux de retrait de 5 %. | D55: 75.89
A56: 21250 | B56: =IF(EXACT('Page Titre'!LANGUE_FR_ENG,"Fr"),MatchTrad!A659,MatchTrad!B659) -> Dépôts assurés qui ne sont pas dans un compte transactionnel, dont le déposant n'a pas de relation durable avec l'institution | C56: =IF(EXACT('Page Titre'!LANGUE_FR_ENG,"Fr"),MatchTrad!A660,MatchTrad!B660) -> Total des dépôts entièrement garanti par un dispositif efficace d’assurance-dépôts sur comptes qui ne sont pas des comptes transactionnels – le déposant n’entretient pas avec l’institution des relation durable avec l'insitution, ce qui rend un retrait très improbable. | D56: 79.89
A57: 21251 | B57: =IF(EXACT('Page Titre'!LANGUE_FR_ENG,"Fr"),MatchTrad!A661,MatchTrad!B661) -> Dépôts assurés qui proviennent de fonds et de fiducies dont le solde est contrôlé uniquement par le client de détail sous-jacent | C57: =IF(EXACT('Page Titre'!LANGUE_FR_ENG,"Fr"),MatchTrad!A662,MatchTrad!B662) -> Total des dépôts garantis fournis par des petites entreprises et provenant d'un fonds ou d'une fiducie, à condition que le solde soit contrôlé uniquement par le client de détail sous-jacent, c'est-à-dire que le fonds ou la fiducie n'influence pas le solde placé ou l'institution dans laquelle ce solde est placé après le placement initial | D57: 79
A58: 21210 | B58: =IF(EXACT('Page Titre'!LANGUE_FR_ENG,"Fr"),MatchTrad!A663,MatchTrad!B663) -> Dépôts fournis en devises étrangères | C58: =IF(EXACT('Page Titre'!LANGUE_FR_ENG,"Fr"),MatchTrad!A664,MatchTrad!B664) -> Total des dépôts libellé en devises étrangères(c.-à-d., les dépôts dans une monnaie autre que celle de l’administration où l’institution exerce ses activités). | D58: =IF(EXACT('Page Titre'!LANGUE_FR_ENG,"Fr"),MatchTrad!A665,MatchTrad!B665) -> 79-89
A59: 21252 | B59: =IF(EXACT('Page Titre'!LANGUE_FR_ENG,"Fr"),MatchTrad!A666,MatchTrad!B666) -> Dépôts sensibles aux taux d'intérêt dont le client gère directement les fonds dans un compte transactionnel ou que le client a une relation durable avec l'institution | C59: =IF(EXACT('Page Titre'!LANGUE_FR_ENG,"Fr"),MatchTrad!A667,MatchTrad!B667) -> Total des dépôts provenant des petites entreprises et sensibles au taux d'intérêt et dont le client gère directement les fonds dans un compte transactionnel ou que le client a une relation durable avec l'institution | D59: 79.89
A60: 21253 | B60: =IF(EXACT('Page Titre'!LANGUE_FR_ENG,"Fr"),MatchTrad!A668,MatchTrad!B668) -> Dépôts provenant de petites entreprises - Autres dépôts sensibles aux taux d'intérêt dont le client gère directement les fonds, qui ne sont pas dans un compte transactionnel ou que le client n'a pas une relation durable avec l'institution | C60: =IF(EXACT('Page Titre'!LANGUE_FR_ENG,"Fr"),MatchTrad!A669,MatchTrad!B669) -> Total des dépôts provenant des petites entreprises et sensibles au taux d'intérêt et dont le client gère directement les fonds, mais n'entretient pas de relation durable avec l'institution et le dépôt n'est pas dans un compte transactionnel(tel que défini au paragraphe 74 du chapitre 2 de la Ligne directrice sur les normes relatives à la suffisance des liquidités). | D60: 79.89
A61: 21254 | B61: =IF(EXACT('Page Titre'!LANGUE_FR_ENG,"Fr"),MatchTrad!A670,MatchTrad!B670) -> Dépôts à terme gérés directement par un tiers non affilié qui arrivent à échéance ou encaissables dans les 30 prochains jours | C61: =IF(EXACT('Page Titre'!LANGUE_FR_ENG,"Fr"),MatchTrad!A671,MatchTrad!B671) -> Total des dépôts à terme provenant de petites entreprises et gérés directement par un tiers non affilié (tel que défini au paragraphe 74 du chapitre 2 de la Ligne directrice sur les normes relatives à la suffisance des liquidités) qui arrivent à échéance ou encaissables dans les 30 prochains jours. | D61: 79.89
A62: 21255 | B62: =IF(EXACT('Page Titre'!LANGUE_FR_ENG,"Fr"),MatchTrad!A672,MatchTrad!B672) -> Dépôts à vue gérés par un tiers non affilié | C62: =IF(EXACT('Page Titre'!LANGUE_FR_ENG,"Fr"),MatchTrad!A673,MatchTrad!B673) -> Total des dépôts à vue provenant de petites entreprises et gérés directement par un tiers non affilié (tel que défini au paragraphe 74 du chapitre 2 de la Ligne directrice sur les normes relatives à la suffisance des liquidités). | D62: 79.89
A63: 21256 | B63: =IF(EXACT('Page Titre'!LANGUE_FR_ENG,"Fr"),MatchTrad!A674,MatchTrad!B674) -> Dépôts moins stables de petites entreprises soumis aux exigences de juridiction d'accueil | C63: =IF(EXACT('Page Titre'!LANGUE_FR_ENG,"Fr"),MatchTrad!A675,MatchTrad!B675) -> Au moment de calculer le LCR consolidé, les institutions doivent appliquer les paramètres de liquidité de la Ligne directrice sur les normes relatives à la suffisance des liquidités à toutes les entités consolidées, à l'exception des dépôts de détail et des dépôts fournis par des petites entreprises, pour lesquels elles doivent suivre les paramètres pertinents adoptés dans les juridictions d'accueil dans lesquelles elles exercent des activités. Le total des montants et des montants pondérés de ces dépôts de détail (les dépôts fournis par des petites entreprises sont déclarés séparément à la section 2.2 du formulaire LCR) doit être déclaré ici, tandis que leur ventilation est déclarée à la section 6. | D63: 169
A64: 21211 | B64: =IF(EXACT('Page Titre'!LANGUE_FR_ENG,"Fr"),MatchTrad!A676,MatchTrad!B676) -> Dépôts à terme à échéance résiduelle de > 30 jours | C64: =IF(EXACT('Page Titre'!LANGUE_FR_ENG,"Fr"),MatchTrad!A677,MatchTrad!B677) -> Total des dépôts dont l’échéance résiduelle ou le préavis de retrait dépasse 30 jours, si le déposant n’est pas légalement autorisé à les retirer dans les 30 jours, ou si un retrait anticipé engendre une pénalité sensiblement supérieure à la perte d’intérêt. | D64: =IF(EXACT('Page Titre'!LANGUE_FR_ENG,"Fr"),MatchTrad!A678,MatchTrad!B678) -> 82;89
A65: 21212 | B65: =IF(EXACT('Page Titre'!LANGUE_FR_ENG,"Fr"),MatchTrad!A679,MatchTrad!B679) -> Dépôts provenant d'entreprises non-financières– sur comptes transactionnels, garantis, à un taux de retrait de 3 % | C65: =IF(EXACT('Page Titre'!LANGUE_FR_ENG,"Fr"),MatchTrad!A680,MatchTrad!B680) -> Total des dépôts d’entreprises non financières sur comptes transactionnels (découlant d’activités de compensation, de garde et de gestion de trésorerie) et qui sont entièrement sécurisés par un dispositif efficace d’assurance-dépôts, dans un pays où l’autorité de contrôle choisit un taux de retrait de 3 %. | D65: 104
A66: 21213 | B66: =IF(EXACT('Page Titre'!LANGUE_FR_ENG,"Fr"),MatchTrad!A681,MatchTrad!B681) -> Dépôts provenant d’entreprises non financières – sur comptes transactionnels, garantis, à un taux de retrait de 5 % | C66: =IF(EXACT('Page Titre'!LANGUE_FR_ENG,"Fr"),MatchTrad!A682,MatchTrad!B682) -> Total des dépôts d’entreprises non financières sur comptes transactionnels (découlant d’activités de compensation, de garde et de gestion de trésorerie) et qui sont entièrement sécurisés par un dispositif efficace d’assurance-dépôts, dans un pays où l’autorité de contrôle choisit un taux de retrait de 5 %. | D66: 104
A67: 21214 | B67: =IF(EXACT('Page Titre'!LANGUE_FR_ENG,"Fr"),MatchTrad!A683,MatchTrad!B683) -> Dépôts provenant d’entreprises non financières – sur comptes transactionnels, non garantis | C67: =IF(EXACT('Page Titre'!LANGUE_FR_ENG,"Fr"),MatchTrad!A684,MatchTrad!B684) -> Total des dépôts d’entreprises non financières sur comptes transactionnels (découlant d’activités de compensation, de garde et de gestion de trésorerie) et qui ne sont pas entièrement sécurisés par un dispositif efficace d’assurance-dépôts. | D67: =IF(EXACT('Page Titre'!LANGUE_FR_ENG,"Fr"),MatchTrad!A685,MatchTrad!B685) -> 93-103
A68: 21215 | B68: =IF(EXACT('Page Titre'!LANGUE_FR_ENG,"Fr"),MatchTrad!A686,MatchTrad!B686) -> Dépôts d’entreprises non financières sur des comptes autres que transactionnels, dont le montant est entièrement sécurisé par l’assurance-dépôts | C68: =IF(EXACT('Page Titre'!LANGUE_FR_ENG,"Fr"),MatchTrad!A687,MatchTrad!B687) -> Total des dépôts d’entreprises non financières sur des comptes autres que transactionels, dont le montant total est entièrement sécurisé par un dispositif efficace d’assurance-dépôts. | D68: 108
A69: 21216 | B69: =IF(EXACT('Page Titre'!LANGUE_FR_ENG,"Fr"),MatchTrad!A688,MatchTrad!B688) -> Dépôts d’entreprises non financières sur des comptes autres que transactionnels, dont le montant n’est pas entièrement sécurisé par l’assurance-dépôts | C69: =IF(EXACT('Page Titre'!LANGUE_FR_ENG,"Fr"),MatchTrad!A689,MatchTrad!B689) -> Total des dépôts d’entreprises non financières sur des comptes autres que transactionnels dont le montant total n’est pas entièrement sécurisé par un dispositif efficace d’assurance-dépôts. | D69: 107
A70: 21217 | B70: =IF(EXACT('Page Titre'!LANGUE_FR_ENG,"Fr"),MatchTrad!A690,MatchTrad!B690) -> Dépôts provenant d’entités souveraines, de banques centrales, d’organismes publics et de BMD – sur comptes transactionnels, garantis, à un taux de retrait de 3 % | C70: =IF(EXACT('Page Titre'!LANGUE_FR_ENG,"Fr"),MatchTrad!A691,MatchTrad!B691) -> Total des dépôts sur comptes transactionnels (découlant d’activités de compensation, de garde et de gestion de trésorerie) provenant d’entités souveraines, de banques centrales, d’organismes publics et de BMD, qui sont entièrement sécurisés par un dispositif efficace d’assurance-dépôts, dans des pays où l’autorité de contrôle décide d’appliquer à ces dépôts un taux de retrait de 3 %. | D70: 104
A71: 21218 | B71: =IF(EXACT('Page Titre'!LANGUE_FR_ENG,"Fr"),MatchTrad!A692,MatchTrad!B692) -> Dépôts provenant d’entités souveraines, de banques centrales, d’organismes publics et de BMD – sur comptes courants, garantis, à un taux de retrait de 5 % | C71: =IF(EXACT('Page Titre'!LANGUE_FR_ENG,"Fr"),MatchTrad!A693,MatchTrad!B693) -> Total des dépôts sur comptes courants (découlant d’activités de compensation, de garde et de gestion de trésorerie) provenant d’entités souveraines, de banques centrales, d’organismes publics et de BMD, qui sont entièrement sécurisés par un dispositif efficace d’assurance-dépôts, dans des pays où l’autorité de contrôle décide d’appliquer à ces dépôts un taux de retrait de 5 %. | D71: 104
A72: 21219 | B72: =IF(EXACT('Page Titre'!LANGUE_FR_ENG,"Fr"),MatchTrad!A694,MatchTrad!B694) -> Dépôts provenant d’entités souveraines, de banques centrales, d’organismes publics et de BMD – sur comptes courants, non garantis | C72: =IF(EXACT('Page Titre'!LANGUE_FR_ENG,"Fr"),MatchTrad!A695,MatchTrad!B695) -> Total des dépôts sur comptes transactionnels (découlant d’activités de compensation, de garde et de gestion de trésorerie) provenant d’entités souveraines, de banques centrales, d’organismes publics et de BMD, qui ne sont pas entièrement garantis par un dispositif efficace d’assurance-dépôts. | D72: =IF(EXACT('Page Titre'!LANGUE_FR_ENG,"Fr"),MatchTrad!A696,MatchTrad!B696) -> 93-103
A73: 21220 | B73: =IF(EXACT('Page Titre'!LANGUE_FR_ENG,"Fr"),MatchTrad!A697,MatchTrad!B697) -> Dépôts sur comptes autres que transactionnels, provenant d’entités souveraines, de banques centrales, d’organismes publics et de BMD, montant entièrement sécurisé par un dispositif efficace d’assurance-dépôts | C73: =IF(EXACT('Page Titre'!LANGUE_FR_ENG,"Fr"),MatchTrad!A698,MatchTrad!B698) -> Total des dépôts sur comptes autres que transactionnels provenant d’entités souveraines, de banques centrales, d’organismes publics et de BMD, dont le montant intégral est entièrement garanti par un dispositif efficace d’assurance-dépôts. | D73: 108
A74: 21221 | B74: =IF(EXACT('Page Titre'!LANGUE_FR_ENG,"Fr"),MatchTrad!A699,MatchTrad!B699) -> Dépôts sur comptes autres que transactionnels, provenant d’entités souveraines, de banques centrales, d’organismes publics et de BMD, montant non entièrement garanti par un dispositif efficace d’assurance-dépôts | C74: =IF(EXACT('Page Titre'!LANGUE_FR_ENG,"Fr"),MatchTrad!A700,MatchTrad!B700) -> Total des dépôts sur comptes autres que transactionnels, provenant d’entités souveraines, de banques centrales, d’organismes publics et de BMD, dont le montant intégral n’est pas entièrement garanti par un dispositif efficace d’assurance-dépôts. Dans le cas de projets d’infrastructure, lorsque les municipalités et administrations locales placent des fonds excédentaires résultant d’une émission d’obligations dans des contrats de placement garanti auprès d’une institution, l’institution doit considérer tout retrait prévu au cours de la prochaine période de 30 jours comme étant une sortie de trésorerie au titre du LCR, si le contrat est assorti d’un calendrier d’amortissement fixe. Si les retraits sont fonction des progrès du projet d’infrastructure (c. à d., le contrat est assorti d’un calendrier flexible), l’institution doit présumer une sortie de trésorerie qui est égale à sa prévision prudente de déboursement attendu au cours des 45 prochains jours. Puisque l’APD 21221 est multipliée par une pondération de 40 %, l’institution doit majorer la somme non pondérée en conséquence. Sur demande, l’institution doit pouvoir remettre à l'AMF une copie du contrat obligataire qui régit le placement des fonds excédentaires, ainsi que le contrat de placement. L’institution est tenue de suivre l’écart entre les déboursements prévus et réels, et d’effectuer un contrôle ex post de la justesse des prévisions. Elle doit aussi rendre compte à son chargé de surveillance de l'AMF tout cas de dépassement des déboursements prévus. Si ces prévisions s’avèrent peu fiables, l’institution sera tenue de considérer ces sorties comme étant du financement de gros fourni par des entreprises autres que financières, conformément au paragraphe 108 du chapitre 2 de la Ligne directrice | D74: 107
A75: 21222 | B75: =IF(EXACT('Page Titre'!LANGUE_FR_ENG,"Fr"),MatchTrad!A701,MatchTrad!B701) -> Dépôts provenant de banques, sur comptes transactionnels, assurés, à un taux de retrait de 3 % | C75: =IF(EXACT('Page Titre'!LANGUE_FR_ENG,"Fr"),MatchTrad!A702,MatchTrad!B702) -> Total des dépôts sur comptes transactionnels (découlant d’activités de compensation, de garde et de gestion de trésorerie) provenant de banques, qui sont entièrement sécurisés par un dispositif efficace d’assurance-dépôts, dans la mesure où l’autorité de contrôle décide d’appliquer à ces dépôts un taux de retrait de 3%. | D75: 104
A76: 21223 | B76: =IF(EXACT('Page Titre'!LANGUE_FR_ENG,"Fr"),MatchTrad!A703,MatchTrad!B703) -> Dépôts provenant de banques, sur comptes transactionnels, assurés, à un taux de retrait de 5 % | C76: =IF(EXACT('Page Titre'!LANGUE_FR_ENG,"Fr"),MatchTrad!A704,MatchTrad!B704) -> Total des dépôts sur comptes transactionnels (découlant d’activités de compensation, de garde et de gestion de trésorerie) provenant de banques, qui sont entièrement garantis par un dispositif efficace d’assurance-dépôts, dans la mesure où l’autorité de contrôle décide d’appliquer à ces dépôts un taux de retrait de 5%. | D76: 104
A77: 21224 | B77: =IF(EXACT('Page Titre'!LANGUE_FR_ENG,"Fr"),MatchTrad!A705,MatchTrad!B705) -> Dépôts provenant de banques, sur comptes transactionnels, non garantis | C77: =IF(EXACT('Page Titre'!LANGUE_FR_ENG,"Fr"),MatchTrad!A706,MatchTrad!B706) -> Total des dépôts sur comptes transactionnels (découlant d’activités de compensation, de garde et de gestion de trésorerie) provenant de banques, qui ne sont pas entièrement garantis par un dispositif efficace d’assurance-dépôts. | D77: =IF(EXACT('Page Titre'!LANGUE_FR_ENG,"Fr"),MatchTrad!A707,MatchTrad!B707) -> 93-103
A78: 21225 | B78: =IF(EXACT('Page Titre'!LANGUE_FR_ENG,"Fr"),MatchTrad!A708,MatchTrad!B708) -> Dépôts provenant de banques, sur comptes autres que transactionnels | C78: =IF(EXACT('Page Titre'!LANGUE_FR_ENG,"Fr"),MatchTrad!A709,MatchTrad!B709) -> Total des dépôts provenant d’autres banques, sur comptes autres que transactionnels. | D78: 109
A79: 21226 | B79: =IF(EXACT('Page Titre'!LANGUE_FR_ENG,"Fr"),MatchTrad!A710,MatchTrad!B710) -> Dépôts provenant d’autres institutions financières et d’autres entités, sur comptestransactionnels, assurés, à un taux de retrait de 3 % | C79: =IF(EXACT('Page Titre'!LANGUE_FR_ENG,"Fr"),MatchTrad!A711,MatchTrad!B711) -> Total des dépôts sur comptes transactionnels (découlant d’activités de compensation, de garde et de gestion de trésorerie) provenant d’institutions financières (sauf des banques) et d’autres entités juridiques, qui sont entièrement garantis par un dispositif efficace d’assurance-dépôts, dans la mesure où l’autorité de contrôle décide d’appliquer à ces dépôts un taux de retrait de 3 %. | D79: 104
A80: 21227 | B80: =IF(EXACT('Page Titre'!LANGUE_FR_ENG,"Fr"),MatchTrad!A712,MatchTrad!B712) -> Dépôts provenant d’autres institutions financières et d’autres entités, sur comptes courants, garantis, à un taux de retrait de 5 % | C80: =IF(EXACT('Page Titre'!LANGUE_FR_ENG,"Fr"),MatchTrad!A713,MatchTrad!B713) -> Total des dépôts sur comptes courants (découlant d’activités de compensation, de garde et de gestion de trésorerie) provenant d’institutions financières (sauf des banques) et d’autres entités juridiques, qui sont entièrement garantis par un dispositif efficace d’assurance-dépôts, dans la mesure où l’autorité de contrôle décide d’appliquer à ces dépôts un taux de retrait de 5 %. | D80: 104
A81: 21228 | B81: =IF(EXACT('Page Titre'!LANGUE_FR_ENG,"Fr"),MatchTrad!A714,MatchTrad!B714) -> Dépôts provenant d’autres institutions financières et d’autres entités, sur comptes transactionnels, non garantis | C81: =IF(EXACT('Page Titre'!LANGUE_FR_ENG,"Fr"),MatchTrad!A715,MatchTrad!B715) -> Total des dépôts sur comptes transactionnels (découlant d’activités de compensation, de garde et de gestion de trésorerie) provenant d’institutions financières (sauf des banques) et d’autres entités juridiques, qui ne sont pas entièrement garantis par un dispositif efficace d’assurance-dépôts. | D81: =IF(EXACT('Page Titre'!LANGUE_FR_ENG,"Fr"),MatchTrad!A716,MatchTrad!B716) -> 93-103
A82: 21229 | B82: =IF(EXACT('Page Titre'!LANGUE_FR_ENG,"Fr"),MatchTrad!A717,MatchTrad!B717) -> Dépôts provenant d’autres institutions financières et d’autres entités, sur comptes autres que transactionnels | C82: =IF(EXACT('Page Titre'!LANGUE_FR_ENG,"Fr"),MatchTrad!A718,MatchTrad!B718) -> Total des dépôts sur comptes autres que transactionnels provenant d’institutions financières (sauf des banques) et d’autres entités juridiques. | D82: 109
A83: 21230 | B83: =IF(EXACT('Page Titre'!LANGUE_FR_ENG,"Fr"),MatchTrad!A719,MatchTrad!B719) -> Émission de créances non garanties | C83: =IF(EXACT('Page Titre'!LANGUE_FR_ENG,"Fr"),MatchTrad!A720,MatchTrad!B720) -> Total de tous les billets, obligations et autres titres de dette (à l’exception des obligations vendues exclusivement sur le marché de détail et sauf les sorties de trésorerie sur obligations sécurisées). | D83: 110
A84: 21231 | B84: =IF(EXACT('Page Titre'!LANGUE_FR_ENG,"Fr"),MatchTrad!A721,MatchTrad!B721) -> Soldes additionnels devant être maintenus dans les réserves des banques centrales | C84: =IF(EXACT('Page Titre'!LANGUE_FR_ENG,"Fr"),MatchTrad!A722,MatchTrad!B722) -> Montants à verser dans les réserves des banques centrales dans les 30 jours. | D84: =IF(EXACT('Page Titre'!LANGUE_FR_ENG,"Fr"),MatchTrad!A723,MatchTrad!B723) -> Note de bas de page 50(b)
A85: 21301 | B85: =IF(EXACT('Page Titre'!LANGUE_FR_ENG,"Fr"),MatchTrad!A724,MatchTrad!B724) -> Financements garantis, avec la banque centrale du pays de l’institution – Actifs de niveau 1 (opérations impliquant des ALHQ admissibles) – montant reçu | C85: =IF(EXACT('Page Titre'!LANGUE_FR_ENG,"Fr"),MatchTrad!A725,MatchTrad!B725) -> Montant reçu uniquement des financements garantis ou prises en pension conclus avec la banque centrale du pays de l’institution, qui viennent à échéance dans les 30 jours et qui sont adossés à des actifs de niveau 1 et, dans la mesure où les actifs de niveau 1 auraient par ailleurs été déclarés dans les actifs de niveau 1 admissibles (s’ils ne garantissaient pas déjà l’opération en question) parce qu’ils (i) demeureraient non grevés et (ii) satisferaient aux exigences opérationnelles des ALHQ. | D85: =IF(EXACT('Page Titre'!LANGUE_FR_ENG,"Fr"),MatchTrad!A726,MatchTrad!B726) -> 114-115
A86: 21302 | B86: =IF(EXACT('Page Titre'!LANGUE_FR_ENG,"Fr"),MatchTrad!A727,MatchTrad!B727) -> Financements garantis, avec la banque centrale du pays de l’institution – Actifs de niveau 1 (opérations impliquant des ALHQ admissibles) – valeur marchande de la sûreté donnée | C86: =IF(EXACT('Page Titre'!LANGUE_FR_ENG,"Fr"),MatchTrad!A728,MatchTrad!B728) -> Valeur marchande de la sûreté donnée uniquement des financements garantis ou prises en pension conclus avec la banque centrale du pays de l’institution, qui viennent à échéance dans les 30 jours et qui sont adossés à des actifs de niveau 1 et, dans la mesure où les actifs de niveau 1 auraient par ailleurs été déclarés dans les actifs de niveau 1 admissibles (s’ils ne garantissaient pas déjà l’opération en question) parce qu’ils (i) demeureraient non grevés et (ii) satisferaient aux exigences opérationnelles des ALHQ. | D86: =IF(EXACT('Page Titre'!LANGUE_FR_ENG,"Fr"),MatchTrad!A729,MatchTrad!B729) -> 114-115
A87: 21303 | B87: =IF(EXACT('Page Titre'!LANGUE_FR_ENG,"Fr"),MatchTrad!A730,MatchTrad!B730) -> Financements garantis, avec la banque centrale du pays de l’institution – Actifs de niveau 1 (opérations n'impliquant pas des ALHQ admissibles) – montant reçu | C87: =IF(EXACT('Page Titre'!LANGUE_FR_ENG,"Fr"),MatchTrad!A731,MatchTrad!B731) -> Montant reçu uniquement des financements garantis ou prises en pension conclus avec la banque centrale du pays de l’institution, qui viennent à échéance dans les 30 jours et qui sont adossés à des actifs de niveau 1 et, dans la mesure où les actifs de niveau 1 n’auraient par ailleurs pas été déclarés dans les actifs de niveau 1 admissibles (s’ils ne garantissaient pas déjà l’opération en question) parce qu’ils (i) ne demeureraient pas non grevés et/ou (ii) ne satisferaient pas aux exigences opérationnelles des ALHQ. | D87: =IF(EXACT('Page Titre'!LANGUE_FR_ENG,"Fr"),MatchTrad!A732,MatchTrad!B732) -> 114-115
A88: 21304 | B88: =IF(EXACT('Page Titre'!LANGUE_FR_ENG,"Fr"),MatchTrad!A733,MatchTrad!B733) -> Financements garantis, avec la banque centrale du pays de l’institution banque – Actifs de niveau 1 (opérations n'impliquant pas des ALHQ admissibles) - valeur marchande de la sûreté donnée | C88: =IF(EXACT('Page Titre'!LANGUE_FR_ENG,"Fr"),MatchTrad!A734,MatchTrad!B734) -> Valeur marchande de la sûreté donnée uniquement au titre des financements garantis ou prises en pension conclus avec la banque centrale du pays de l’institution, qui viennent à échéance dans les 30 jours et qui sont adossés à des actifs de niveau 1 et, dans la mesure où les actifs de niveau 1 n’auraient par ailleurs pas été déclarés dans les actifs de niveau 1 admissibles (s’ils ne garantissaient pas déjà l’opération en question) parce qu’ils (i) ne demeureraient pas non grevés et/ou (ii) ne satisferaient pas aux exigences opérationnelles des ALHQ. | D88: =IF(EXACT('Page Titre'!LANGUE_FR_ENG,"Fr"),MatchTrad!A735,MatchTrad!B735) -> 114-115
A89: 21305 | B89: =IF(EXACT('Page Titre'!LANGUE_FR_ENG,"Fr"),MatchTrad!A736,MatchTrad!B736) -> Financements garantis, avec la banque centrale du pays de l’institution – Actifs de niveau 2A (opérations impliquant des ALHQ admissibles) – montant reçu | C89: =IF(EXACT('Page Titre'!LANGUE_FR_ENG,"Fr"),MatchTrad!A737,MatchTrad!B737) -> Montant reçu uniquement des financements garantis ou prises en pension conclus avec la banque centrale du pays de l’institution, qui viennent à échéance dans les 30 jours et qui sont adossés à des actifs de niveau 2A et, dans la mesure où les actifs de niveau 2A auraient par ailleurs été déclarés dans les actifs de niveau 2A admissibles (s’ils ne garantissaient pas déjà l’opération en question) parce qu’ils (i) demeureraient non grevés et (ii) satisferaient aux exigences opérationnelles des ALHQ. | D89: =IF(EXACT('Page Titre'!LANGUE_FR_ENG,"Fr"),MatchTrad!A738,MatchTrad!B738) -> 114-115
A90: 21306 | B90: =IF(EXACT('Page Titre'!LANGUE_FR_ENG,"Fr"),MatchTrad!A739,MatchTrad!B739) -> Financements garantis, avec la banque centrale du pays de l’institution – Actifs de niveau 2A (opérations impliquant des ALHQ admissibles) – valeur marchande de la sûreté donnée | C90: =IF(EXACT('Page Titre'!LANGUE_FR_ENG,"Fr"),MatchTrad!A740,MatchTrad!B740) -> Valeur marchande des sûretés données uniquement des financements garantis ou prises en pension conclus avec la banque centrale du pays de l’institution, qui viennent à échéance dans les 30 jours et qui sont adossés à des actifs de niveau 2A et, dans la mesure où les actifs de niveau 2A auraient par ailleurs été déclarés dans les actifs de niveau 2A admissibles (s’ils ne garantissaient pas déjà l’opération en question) parce qu’ils (i) demeureraient non grevés et (ii) satisferaient aux exigences opérationnelles des ALHQ. | D90: =IF(EXACT('Page Titre'!LANGUE_FR_ENG,"Fr"),MatchTrad!A741,MatchTrad!B741) -> 114-115
A91: 21307 | B91: =IF(EXACT('Page Titre'!LANGUE_FR_ENG,"Fr"),MatchTrad!A742,MatchTrad!B742) -> Financements garantis, avec la banque centrale du pays de l’institution – Actifs de niveau 2A (opérations n'impliquant pas des ALHQ admissibles) – montant reçu | C91: =IF(EXACT('Page Titre'!LANGUE_FR_ENG,"Fr"),MatchTrad!A743,MatchTrad!B743) -> Montant reçu uniquement des financements garantis ou prises en pension conclus avec la banque centrale du pays de l’institution qui viennent à échéance dans les 30 jours et qui sont adossés à des actifs de niveau 2A et, dans la mesure où les actifs de niveau 2A n’auraient par ailleurs pas été déclarés dans les actifs de niveau 2A admissibles (s’ils ne garantissaient pas déjà l’opération en question) parce qu’ils (i) ne demeureraient pas non grevés et/ou (ii) ne satisferaient pas aux exigences opérationnelles des ALHQ. | D91: =IF(EXACT('Page Titre'!LANGUE_FR_ENG,"Fr"),MatchTrad!A744,MatchTrad!B744) -> 114-115
A92: 21308 | B92: =IF(EXACT('Page Titre'!LANGUE_FR_ENG,"Fr"),MatchTrad!A745,MatchTrad!B745) -> Financements garantis, avec la banque centrale du pays de l’institution banque – Actifs de niveau 2A (opérations n'impliquant pas des ALHQ admissibles) - valeur marchande de la sûreté donnée | C92: =IF(EXACT('Page Titre'!LANGUE_FR_ENG,"Fr"),MatchTrad!A746,MatchTrad!B746) -> Valeur marchande de la sûreté donnée uniquement au titre des financements garantis ou prises en pension conclus avec la banque centrale du pays de l’institution qui viennent à échéance dans les 30 jours et qui sont adossés à des actifs de niveau 2A et, dans la mesure où les actifs de niveau 2A n’auraient par ailleurs pas été déclarés dans les actifs de niveau 2A admissibles (s’ils ne garantissaient pas déjà l’opération en question) parce qu’ils (i) ne demeureraient pas non grevés et/ou (ii) ne satisferaient pas aux exigences opérationnelles des ALHQ. | D92: =IF(EXACT('Page Titre'!LANGUE_FR_ENG,"Fr"),MatchTrad!A747,MatchTrad!B747) -> 114-115
A93: 21309 | B93: =IF(EXACT('Page Titre'!LANGUE_FR_ENG,"Fr"),MatchTrad!A748,MatchTrad!B748) -> Financements garantis, avec la banque centrale du pays de l’institution – Actifs de niveau 2B RMBS (opérations impliquant des ALHQ admissibles) – montant reçu | C93: =IF(EXACT('Page Titre'!LANGUE_FR_ENG,"Fr"),MatchTrad!A749,MatchTrad!B749) -> Montant reçu uniquement des financements garantis ou prises en pension conclus avec la banque centrale du pays de l’institution, qui viennent à échéance dans les 30 jours et qui sont adossés à des actifs de niveau 2B RMBS et, dans la mesure où les actifs de niveau 2B RMBS auraient par ailleurs été déclarés dans les actifs de niveau 2B RMBS admissibles (s’ils ne garantissaient pas déjà l’opération en question) parce qu’ils (i) demeureraient non grevés et (ii) satisferaient aux exigences opérationnelles des ALHQ. | D93: =IF(EXACT('Page Titre'!LANGUE_FR_ENG,"Fr"),MatchTrad!A750,MatchTrad!B750) -> 114-115
A94: 21310 | B94: =IF(EXACT('Page Titre'!LANGUE_FR_ENG,"Fr"),MatchTrad!A751,MatchTrad!B751) -> Financements garantis, avec la banque centrale du pays de l’institution – Actifs de niveau 2B RMBS (opérations impliquant des ALHQ admissibles) – valeur marchande de la sûreté donnée | C94: =IF(EXACT('Page Titre'!LANGUE_FR_ENG,"Fr"),MatchTrad!A752,MatchTrad!B752) -> Valeur marchande de la sûreté donnée uniquement des financements garantis ou prises en pension conclus avec la banque centrale du pays de l’institution qui viennent à échéance dans les 30 jours et qui sont adossés à des actifs de niveau 2B RMBS et, dans la mesure où les actifs de niveau 2B RMBS auraient par ailleurs été déclarés dans les actifs de niveau 2B RMBS admissibles (s’ils ne garantissaient pas déjà l’opération en question) parce qu’ils (i) demeureraient non grevés et (ii) satisferaient aux exigences opérationnelles des ALHQ. | D94: =IF(EXACT('Page Titre'!LANGUE_FR_ENG,"Fr"),MatchTrad!A753,MatchTrad!B753) -> 114-115
A95: 21311 | B95: =IF(EXACT('Page Titre'!LANGUE_FR_ENG,"Fr"),MatchTrad!A754,MatchTrad!B754) -> Financements garantis, avec la banque centrale du pays de l’institution – Actifs de niveau 2B RMBS (opérations n'impliquant pas des ALHQ admissibles) – montant reçu | C95: =IF(EXACT('Page Titre'!LANGUE_FR_ENG,"Fr"),MatchTrad!A755,MatchTrad!B755) -> Montant reçu uniquement des financements garantis ou prises en pension conclus avec la banque centrale du pays de l’institution, qui viennent à échéance dans les 30 jours et qui sont adossés à des actifs de niveau 2B RMBS et, dans la mesure où les actifs de niveau 2B RMBS n’auraient par ailleurs pas été déclarés dans les actifs de niveau 2B RMBS admissibles (s’ils ne garantissaient pas déjà l’opération en question) parce qu’ils (i) ne demeureraient pas non grevés et/ou (ii) ne satisferaient pas aux exigences opérationnelles des ALHQ. | D95: =IF(EXACT('Page Titre'!LANGUE_FR_ENG,"Fr"),MatchTrad!A756,MatchTrad!B756) -> 114-115
A96: 21312 | B96: =IF(EXACT('Page Titre'!LANGUE_FR_ENG,"Fr"),MatchTrad!A757,MatchTrad!B757) -> Financements garantis, avec la banque centrale du pays de l’institution banque – Actifs de niveau 2B RMBS (opérations n'impliquant pas des ALHQ admissibles) - valeur marchande de la sûreté donnée | C96: =IF(EXACT('Page Titre'!LANGUE_FR_ENG,"Fr"),MatchTrad!A758,MatchTrad!B758) -> Valeur marchande de la sûreté donnée uniquement au titre des financements garantis ou prises en pension conclus avec la banque centrale du pays de l’institution, qui viennent à échéance dans les 30 jours et qui sont adossés à des actifs de niveau 2B RMBS et, dans la mesure où les actifs de niveau 2B RMBS n’auraient par ailleurs pas été déclarés dans les actifs de niveau 2B RMBS admissibles (s’ils ne garantissaient pas déjà l’opération en question) parce qu’ils (i) ne demeureraient pas non grevés et/ou (ii) ne satisferaient pas aux exigences opérationnelles des ALHQ. | D96: =IF(EXACT('Page Titre'!LANGUE_FR_ENG,"Fr"),MatchTrad!A759,MatchTrad!B759) -> 114-115
A97: 21313 | B97: =IF(EXACT('Page Titre'!LANGUE_FR_ENG,"Fr"),MatchTrad!A760,MatchTrad!B760) -> Financements garantis, avec la banque centrale du pays de l’institution – Actifs de niveau 2B non RMBS (opérations impliquant des ALHQ admissibles) – montant reçu | C97: =IF(EXACT('Page Titre'!LANGUE_FR_ENG,"Fr"),MatchTrad!A761,MatchTrad!B761) -> Montant reçu uniquement des financements garantis ou prises en pension conclus avec la banque centrale du pays de l’institution qui viennent à échéance dans les 30 jours et qui sont adossés à des actifs de niveau 2B non RMBS et, dans la mesure où les actifs de niveau 2B non RMBS auraient par ailleurs été déclarés dans les actifs de niveau 2B non RMBS admissibles (s’ils ne garantissaient pas déjà l’opération en question) parce qu’ils (i) demeureraient non grevés et (ii) satisferaient aux exigences opérationnelles des ALHQ. | D97: =IF(EXACT('Page Titre'!LANGUE_FR_ENG,"Fr"),MatchTrad!A762,MatchTrad!B762) -> 114-115
A98: 21314 | B98: =IF(EXACT('Page Titre'!LANGUE_FR_ENG,"Fr"),MatchTrad!A763,MatchTrad!B763) -> Financements garantis, avec la banque centrale du pays de l’institution – Actifs de niveau 2B non RMBS (opérations impliquant des ALHQ admissibles) - valeur marchande de la sûreté donnée | C98: =IF(EXACT('Page Titre'!LANGUE_FR_ENG,"Fr"),MatchTrad!A764,MatchTrad!B764) -> Valeur marchande de la sûreté donnée uniquement au titre des financements garantis ou prises en pension conclus avec la banque centrale du pays de l’institution qui viennent à échéance dans les 30 jours et qui sont adossés à des actifs de niveau 2B non RMBS et, dans la mesure où les actifs de niveau 2B non RMBS auraient par ailleurs été déclarés dans les actifs de niveau 2B non RMBS admissibles (s’ils ne garantissaient pas déjà l’opération en question) parce qu’ils (i) demeureraient non grevés et (ii) satisferaient aux exigences opérationnelles des ALHQ. | D98: =IF(EXACT('Page Titre'!LANGUE_FR_ENG,"Fr"),MatchTrad!A765,MatchTrad!B765) -> 114-115
A99: 21315 | B99: =IF(EXACT('Page Titre'!LANGUE_FR_ENG,"Fr"),MatchTrad!A766,MatchTrad!B766) -> Financements garantis, avec la banque centrale du pays de l’institution – Actifs de niveau 2B non RMBS (opérations n'impliquant pas des ALHQ admissibles) – valeur marchande de la sûreté donnée | C99: =IF(EXACT('Page Titre'!LANGUE_FR_ENG,"Fr"),MatchTrad!A767,MatchTrad!B767) -> Montant reçu uniquement des financements garantis ou prises en pension conclus avec la banque centrale du pays de l’institution qui viennent à échéance dans les 30 jours et qui sont adossés à des actifs de niveau 2B non RMBS et, dans la mesure où les actifs de niveau 2B non RMBS n’auraient par ailleurs pas été déclarés dans les actifs de niveau 2B non RMBS admissibles (s’ils ne garantissaient pas déjà l’opération en question) parce qu’ils (i) ne demeureraient pas non grevés et/ou (ii) ne satisferaient pas aux exigences opérationnelles des ALHQ. | D99: =IF(EXACT('Page Titre'!LANGUE_FR_ENG,"Fr"),MatchTrad!A768,MatchTrad!B768) -> 114-115
A100: 21316 | B100: =IF(EXACT('Page Titre'!LANGUE_FR_ENG,"Fr"),MatchTrad!A769,MatchTrad!B769) -> Financements garantis, avec la banque centrale du pays de l’institution – Actifs de niveau 2B non RMBS (opérations n'impliquant pas des ALHQ admissibles) - valeur marchande de la sûreté donnée | C100: =IF(EXACT('Page Titre'!LANGUE_FR_ENG,"Fr"),MatchTrad!A770,MatchTrad!B770) -> Valeur marchande de la sûreté donnée uniquement au titre des financements garantis ou prises en pension conclus avec la banque centrale du pays de l’institution qui viennent à échéance dans les 30 jours et qui sont adossés à des actifs de niveau 2B non RMBS et, dans la mesure où les actifs de niveau 2B non RMBS n’auraient par ailleurs pas été déclarés dans les actifs de niveau 2B non RMBS admissibles (s’ils ne garantissaient pas déjà l’opération en question) parce qu’ils (i) ne demeureraient pas non grevés et/ou (ii) ne satisferaient pas aux exigences opérationnelles des ALHQ. | D100: =IF(EXACT('Page Titre'!LANGUE_FR_ENG,"Fr"),MatchTrad!A771,MatchTrad!B771) -> 114-115
A101: 21317 | B101: =IF(EXACT('Page Titre'!LANGUE_FR_ENG,"Fr"),MatchTrad!A772,MatchTrad!B772) -> Financements garantis, avec la banque centrale du pays de l’institution – actifs non ALHQ (toutes les opérations) – montant reçu | C101: =IF(EXACT('Page Titre'!LANGUE_FR_ENG,"Fr"),MatchTrad!A773,MatchTrad!B773) -> Montant reçu de tous les financements garantis ou prises en pension conclus avec la banque centrale du pays de l’institution, qui viennent à échéance dans les 30 jours et qui sont adossés à des actifs non ALHQ. | D101: =IF(EXACT('Page Titre'!LANGUE_FR_ENG,"Fr"),MatchTrad!A774,MatchTrad!B774) -> 114-115
...

Sheet Dépôts opérationnels
A1: =IF(EXACT('Page Titre'!LANGUE_FR_ENG,"Fr"),MatchTrad!A1535,MatchTrad!B1535) -> Détermination des soldes de dépôts opérationnels et non opérationnels
A3: =IF(EXACT('Page Titre'!LANGUE_FR_ENG,"Fr"),MatchTrad!A1536,MatchTrad!B1536) -> 1. Dépôts opérationnels
B4: =IF(EXACT('Page Titre'!LANGUE_FR_ENG,"Fr"),MatchTrad!A1537,MatchTrad!B1537) -> Le présent onglet renferme les éléments additionnelles qui aideront les institutions financières à établir leur distinction entre les soldes des dépôts opérationnels et non opérationnels en vertu de la Ligne directrice sur les normes relatives à la suffisance des liquidités. Ces éléments constitueront la base de l’examen mené par l'Autorité au sujet des méthodes appliquées par les institutions pour calculer les soldes des dépôts opérationnels. Les institutions qui décident de ne pas appliquer ces éléments doivent faire la preuve à l'Autorité que leurs méthodes respectent l’esprit des exigences énoncées dans la présente Ligne directrice.
B6: =IF(EXACT('Page Titre'!LANGUE_FR_ENG,"Fr"),MatchTrad!A1538,MatchTrad!B1538) -> Le chapitre 2 de la Ligne directrice définit les soldes opérationnels selon trois critères principaux : - les dépôts utilisés pour des activités éligibles (paragraphes 93-94); - les dépôts rémunérés de façon à ne pas donner au client une incitation économique à y laisser des fonds excédentaires (paragraphe 95); - le solde est nécessaire pour satisfaire les besoins opérationnels d’un client (paragraphe 96).
B8: =IF(EXACT('Page Titre'!LANGUE_FR_ENG,"Fr"),MatchTrad!A1539,MatchTrad!B1539) -> Lorsque les soldes opérationnels et non opérationnels sont établis, des facteurs de retrait sont attribués en fonction des profils d’assurance et de contrepartie présentés au tableau suivant :
D10: =IF(EXACT('Page Titre'!LANGUE_FR_ENG,"Fr"),MatchTrad!A1540,MatchTrad!B1540) -> Soldes opérationnels | F10: =IF(EXACT('Page Titre'!LANGUE_FR_ENG,"Fr"),MatchTrad!A1541,MatchTrad!B1541) -> Soldes non opérationnels
D11: =IF(EXACT('Page Titre'!LANGUE_FR_ENG,"Fr"),MatchTrad!A1542,MatchTrad!B1542) -> Entièrement assurés | E11: =IF(EXACT('Page Titre'!LANGUE_FR_ENG,"Fr"),MatchTrad!A1543,MatchTrad!B1543) -> Autres | F11: =IF(EXACT('Page Titre'!LANGUE_FR_ENG,"Fr"),MatchTrad!A1544,MatchTrad!B1544) -> Entièrement assurés | G11: =IF(EXACT('Page Titre'!LANGUE_FR_ENG,"Fr"),MatchTrad!A1545,MatchTrad!B1545) -> Autres
B12: =IF(EXACT('Page Titre'!LANGUE_FR_ENG,"Fr"),MatchTrad!A1546,MatchTrad!B1546) -> Dépôt fourni par :
B13: =IF(EXACT('Page Titre'!LANGUE_FR_ENG,"Fr"),MatchTrad!A1547,MatchTrad!B1547) -> Entreprise non financière | D13: 0.03 | E13: 0.25 | F13: 0.2 | G13: 0.4
B14: =IF(EXACT('Page Titre'!LANGUE_FR_ENG,"Fr"),MatchTrad!A1548,MatchTrad!B1548) -> Entité souveraine, banque centrale, organismes publics, BMD | D14: 0.03 | E14: 0.25 | F14: 0.2 | G14: 0.4
B15: =IF(EXACT('Page Titre'!LANGUE_FR_ENG,"Fr"),MatchTrad!A1549,MatchTrad!B1549) -> Banques, autres institutions financières et autres entités juridiques | D15: 0.03 | E15: 0.25 | F15: 1 | G15: 1
A17: =IF(EXACT('Page Titre'!LANGUE_FR_ENG,"Fr"),MatchTrad!A1550,MatchTrad!B1550) -> 2. Soldes opérationnels
B19: =IF(EXACT('Page Titre'!LANGUE_FR_ENG,"Fr"),MatchTrad!A1551,MatchTrad!B1551) -> Les types de dépôts qui suivent sont soumis à une analyse pour déterminer les soldes opérationnels : (a) les dépôts à vue (portant intérêt et ne portant pas intérêt) et (b) les dépôts à terme dont l’échéance initiale ne dépasse pas 30 jours. L'Autorité reconnait que sur le marché canadien des dépôts, les dépôts de gros à échéance d’au plus 30 jours sont rémunérés et gérés comme solution de rechange pour les dépôts à vue et, de façon générale, ils servent d’outil de gestion de caisse pour les clients de gros. D’autres critères énoncés ci-dessous et au chapitre 2 de la LD doivent également être respectés pour que les soldes de dépôts soient réputés opérationnels.
B21: =IF(EXACT('Page Titre'!LANGUE_FR_ENG,"Fr"),MatchTrad!A1552,MatchTrad!B1552) -> Les soldes de dépôt éventuellement opérationnels sont calculés à partir des comptes de dépôt comportant des activités éligibles, notamment : - les soldes rémunérés à un taux non supérieur à celui du marché, conservés à des fins opérationnelles; - les soldes rémunérés à un taux supérieur à celui du marché, mais utilisés activement pour des activités éligibles (c’est à dire sans solde excédentaire).
B23: =IF(EXACT('Page Titre'!LANGUE_FR_ENG,"Fr"),MatchTrad!A1553,MatchTrad!B1553) -> Les critères se rapportant aux activités éligibles (chapitre 2, paragraphes 93-94) représentent le point de départ de l’exercice permettant de déterminer les soldes opérationnels – seuls les comptes prévoyant des ententes de gestion de caisse, de compensation et de service de garde sont retenus aux fins d’analyse plus poussée aux étapes suivantes.
B25: =IF(EXACT('Page Titre'!LANGUE_FR_ENG,"Fr"),MatchTrad!A1554,MatchTrad!B1554) -> Le critère relatif à l’incitation économique (chapitre 2, paragraphe 95) est représenté dans le processus d’évaluation comme la rémunération du compte par rapport au taux du marché. Au Canada, le taux du marché pertinent correspondrait au taux au jour le jour de la Banque du Canada.
B27: =IF(EXACT('Page Titre'!LANGUE_FR_ENG,"Fr"),MatchTrad!A1555,MatchTrad!B1555) -> Par définition, les comptes rémunérés tout au plus au taux du marché incitent peu les clients de gros à conserver des soldes à l’intérieur de ces comptes à des fins de rendement. En outre, l'Autorité reconnaît que les institutions financières offrent habituellement des comptes groupés à leurs clients de gros pour leur conférer une valeur maximale (p. ex. un client peut posséder des comptes sans intérêt ou à faible intérêt et des comptes à intérêt élevé, et virer librement des fonds entre ces comptes selon les caractéristiques des comptes auxquels elles doivent avoir accès à un moment ou à un autre). Peu d’obstacles se dressent devant un client de gros qui souhaite virer des fonds de comptes sans intérêt ou à faible intérêt à moins qu’il ne doive les y maintenir pour exécuter des activités de nature opérationnelle. Il serait alors raisonnable de supposer que les soldes de dépôt dans des comptes offrant le taux du marché ou un taux inférieur doivent renfermer une composante opérationnelle très élevée et un solde d’excédent par défaut pratiquement nul.
B29: =IF(EXACT('Page Titre'!LANGUE_FR_ENG,"Fr"),MatchTrad!A1556,MatchTrad!B1556) -> Le critère relatif à l’utilisation du compte (chapitre 2, paragraphe 96) est pris en compte dans l’analyse (a) de l’utilisation opérationnelle de comptes prévoyant une rémunération non supérieure au taux du marché et (b) de l’utilisation opérationnelle des comptes dont la rémunération est supérieure au taux du marché, de sorte que l’excédent des soldes est exclu. - Pour l’élément (a), une évaluation simplifiée de l'institution financière devrait suffir en raison de la nature hautement opérationnelle des comptes. Une solution possible pourrait consister à déterminer si un client est en mesure de transférer des soldes de comptes ne dépassant pas le taux du marché à des comptes à rendement supérieur à celui du marché. Dans l’affirmative, il est logique de supposer qu’il a déjà déplacé tous les soldes excédentaires vers des comptes à rendement supérieur au taux du marché et que les soldes restants des comptes offrant une rémunération non supérieure au taux du marché ne sont conservés qu’à des fins opérationnelles. - Pour l’élément (b), la méthode d’évaluation du solde excédentaire est énoncée ci-dessous.
A31: =IF(EXACT('Page Titre'!LANGUE_FR_ENG,"Fr"),MatchTrad!A1557,MatchTrad!B1557) -> 3. Soldes non opérationnels
B33: =IF(EXACT('Page Titre'!LANGUE_FR_ENG,"Fr"),MatchTrad!A1558,MatchTrad!B1558) -> Les comptes et les soldes qui échappent aux étapes de détermination déjà énoncées précédemment seront réputés non opérationnels, notamment : - les comptes de dépôt à vue et à terme (à échéance initiale d’au plus 30 jours) comportant des activités éligibles, mais les comptes sont rémunérés à un taux supérieur à celui du marché, et une partie du solde qui n’est pas utilisée activement pour les activités éligibles (solde excédentaire – voir la méthode proposée ci-dessous) - les comptes de dépôt sans activités éligibles, c’est-à-dire : i) les autres soldes de dépôt à vue et à terme (échéance initiale d’au plus 30 jours); ii) les dépôts à terme à échéance initiale de plus de 30 jours. Il convient de remarquer que les dépôts à termes plus longs sont des instruments d’investissement qui ne seraient pas considérés comme des activités éligibles parce qu’ils sont utilisés pour gérer des fonds excédentaires.
A35: =IF(EXACT('Page Titre'!LANGUE_FR_ENG,"Fr"),MatchTrad!A1559,MatchTrad!B1559) -> 4. Méthode possible d’évaluation du solde excédentaire
B37: =IF(EXACT('Page Titre'!LANGUE_FR_ENG,"Fr"),MatchTrad!A1560,MatchTrad!B1560) -> Comme l’indique le paragraphe 96 du chapitre 2, si les institutions financières ne sont pas en mesure de calculer le solde excédentaire, tous les dépôts seront présumés excédentaires, donc non opérationnels.
B39: =IF(EXACT('Page Titre'!LANGUE_FR_ENG,"Fr"),MatchTrad!A1561,MatchTrad!B1561) -> Par définition, le solde excédentaire se compose de soldes qui ne sont pas nécessaires pour les activités éligibles. On peut donc supposer que la fraction non volatile du solde du compte doit être réputée excédentaire parce qu’elle n’est pas utilisée.
B41: =IF(EXACT('Page Titre'!LANGUE_FR_ENG,"Fr"),MatchTrad!A1562,MatchTrad!B1562) -> Par conséquent, pour évaluer le solde excédentaire, l'institution financière pourrait établir un seuil reposant sur un montant notionnel, ou un pourcentage fondé sur le solde moyen ou minimal. Pour calculer un pourcentage, elle pourra : 1) Observer, pour le client ou le compte, le solde minimal et moyen du mois (p. ex. le relevé de 12 mois pourrait servir à tenir compte des tendances de la saisonnalité et de l’utilisation du solde du compte). Le solde minimal sera interprété comme un solde excédentaire, de sorte que la différence entre le solde minimal et le solde moyen représentera le solde utilisé activement dans des activités éligibles pour déterminer le ratio. 2) Prendre le ratio du solde minimal au solde moyen et l’appliquer au solde des dépôts à vue du mois en cours avec activités éligibles qui offrent un taux supérieur au taux du marché aux fins du LCR. Il convient de noter que cette évaluation doit être reprise au moins une fois l’an.
B43: =IF(EXACT('Page Titre'!LANGUE_FR_ENG,"Fr"),MatchTrad!A1563,MatchTrad!B1563) -> L'institution financière est autorisée à adapter l’évaluation d’après la configuration de ses données et de ses activités; toutefois, cette adaptation devrait être faite en conformité avec le paragraphe 93 du chapitre 2. L'Autorité pourrait examiner cette évaluation au besoin.

Sheet Sans objet 1

Sheet Sans objet 2

Sheet MatchTrad
A1: Français | B1: Anglais | C1: Emplacement utilisé | D1: Validation français | E1: Validation anglais
A2: Divulgation | B2: Reporting | C2: ='Page Titre'!A34 -> Divulgation | D2: =A2=C2 -> TRUE | E2: =B2=C2 -> FALSE
A3: Ratio de liquidité à court terme (LCR) | B3: Liquidity Coverage Ratio (LCR) | C3: ='Page Titre'!A38 -> Ratio de liquidité à court terme (LCR) | D3: =A3=C3 -> TRUE | E3: =B3=C3 -> FALSE
A4: PRÉSENTATION | B4: PRESENTATION | C4: =Présentation!A1 -> PRÉSENTATION | D4: =A4=C4 -> TRUE | E4: =B4=C4 -> FALSE
A5: 1. Structure du document | B5: 1. Structure of Document | C5: =Présentation!A3 -> 1. Structure du document | D5: =A5=C5 -> TRUE | E5: =B5=C5 -> FALSE
A6: Onglet bleu : Divulgation-LCR (formulaire) | B6: Blue tab: LCR-Disclosure (form) | C6: =Présentation!A5 -> Onglet bleu : Divulgation-LCR (formulaire) | D6: =A6=C6 -> TRUE | E6: =B6=C6 -> FALSE
A7: Compléter ce formulaire en Dollars canadien (CAD) ainsi qu'un formulaire distinct pour chacune des devises significatives. Les données doivent être consolidées. Les références nécessaires pour compléter les champs de saisie de ce formulaire se trouvent dans l'onglet Instruction-LCR. | B7: Complete this form in Canadian Dollars (CAD) as well as a separate form for each significant currency. The data must be consolidated. The references needed to complete the input fields on this form can be found in the Instruction-LCR tab. | C7: =Présentation!G5 -> Compléter ce formulaire en Dollars canadien (CAD) ainsi qu'un formulaire distinct pour chacune des devises significatives. Les données doivent être consolidées. Les références nécessaires pour compléter les champs de saisie de ce formulaire se trouvent dans l'onglet Instruction-LCR. | D7: =A7=C7 -> TRUE | E7: =B7=C7 -> FALSE
A8: Onglet rose : Instructions-LCR | B8: Pink tab: LCR-Instructions | C8: =Présentation!A8 -> Onglet rose : Instructions-LCR | D8: =A8=C8 -> TRUE | E8: =B8=C8 -> FALSE
A9: Catégories de LCR dont il est question dans le guide de production du relevé, en lien avec les dispositions de la Ligne directrice. | B9: LCR categories that are questioned in the Submission guideline related to the Liquidity Adequacy Guideline (LAR). | C9: =Présentation!G8 -> Catégories de LCR dont il est question dans le guide de production du relevé, en lien avec les dispositions de la Ligne directrice. | D9: =A9=C9 -> TRUE | E9: =B9=C9 -> FALSE
A10: Onglet orange : Dépôts opérationnels (sur comptes courants) | B10: Orange tab: Operational deposits (in transactional accounts) | C10: =Présentation!A11 -> Onglet orange : Dépôts opérationnels (sur comptes courants) | D10: =A10=C10 -> TRUE | E10: =B10=C10 -> FALSE
A11: Complément d'informations quant à la différence entre le solde de dépôts sur comptes courants et le solde de dépôts sur comptes autres que courants. | B11: Additional guidance to distinguish between operating and non-operating deposit balances. | C11: =Présentation!G11 -> Complément d'informations quant à la différence entre le solde de dépôts sur comptes courants et le solde de dépôts sur comptes autres que courants. | D11: =A11=C11 -> TRUE | E11: =B11=C11 -> FALSE
A12: Onglet jaune : Règle de validation - LCR | B12: Yellow tab: LCR-Validation rule | C12: =Présentation!A14 -> Onglet jaune : Règle de validation - LCR | D12: =A12=C12 -> TRUE | E12: =B12=C12 -> FALSE
A13: Méthode de calcul de chaque point de données. | B13: Calculation method for each data point. | C13: =Présentation!G14 -> Méthode de calcul de chaque point de données. | D13: =A13=C13 -> TRUE | E13: =B13=C13 -> FALSE
A14: 2. Légende | B14: 2. Legend | C14: =Présentation!A17 -> 2. Légende | D14: =A14=C14 -> TRUE | E14: =B14=C14 -> FALSE
A15: Cellule vide : | B15: Blank cell: | C15: =Présentation!A19 -> Cellule vide : | D15: =A15=C15 -> TRUE | E15: =B15=C15 -> FALSE
A16: Cellule contenant une formule : | B16: Cell containing a formula: | C16: =Présentation!A20 -> Cellule contenant une formule : | D16: =A16=C16 -> TRUE | E16: =B16=C16 -> FALSE
A17: Cellule de saisie : | B17: Input cell: | C17: =Présentation!A21 -> Cellule de saisie : | D17: =A17=C17 -> TRUE | E17: =B17=C17 -> FALSE
A18: Champ contenant un résultat : | B18: Field containing a result: | C18: =Présentation!A22 -> Champ contenant un résultat : | D18: =A18=C18 -> TRUE | E18: =B18=C18 -> FALSE
A19: DIVULGATION - RATIO DE LIQUIDITÉ À COURT TERME LCR (LIQUIDITY COVERAGE RATIO) | B19: DISCLOSURE - LIQUIDITY COVERAGE RATIO (LCR) | C19: =LCR!A1 -> DIVULGATION - RATIO DE LIQUIDITÉ À COURT TERME LCR (LIQUIDITY COVERAGE RATIO) | D19: =A19=C19 -> TRUE | E19: =B19=C19 -> FALSE
A20: Date de divulgation (aaaa-mm-jj) : | B20: Reporting date (yyyy-mm-dd): | C20: =LCR!A2 -> Date de divulgation (aaaa-mm-jj) : | D20: =A20=C20 -> TRUE | E20: =B20=C20 -> FALSE
A21: Institution financière : | B21: Financial institution : | C21: =LCR!A3 -> Institution financière : | D21: =A21=C21 -> TRUE | E21: =B21=C21 -> FALSE
A22: LCR : | B22: LCR: | C22: =LCR!A4 -> LCR : | D22: =A22=C22 -> TRUE | E22: =B22=C22 -> FALSE
A23: Devise : | B23: Currency: | C23: =LCR!A5 -> Devise : | D23: =A23=C23 -> TRUE | E23: =B23=C23 -> FALSE
A24: NB : L'institution doit produire un formulaire distinct consolidé en dollars canadiens, de même que dans chaque devise significative. | B24: NB: The institution must file a separate form in Canadian dollars and in each significant currency. | C24: =LCR!A6 -> NB : L'institution doit produire un formulaire distinct consolidé en dollars canadiens, de même que dans chaque devise significative. | D24: =A24=C24 -> TRUE | E24: =B24=C24 -> FALSE
A25: Section 1 - Encours d'actifs liquides de haute qualité (ALHQ) | B25: 1. Stock of High-quality liquid assets (HQLA) | C25: =LCR!A7 -> Section 1 - Encours d'actifs liquides de haute qualité (ALHQ) | D25: =A25=C25 -> TRUE | E25: =B25=C25 -> FALSE
A26: 1.1. Actifs de niveau 1 | B26: 1.1. Level 1 assets | C26: =LCR!A9 -> 1.1. Actifs de niveau 1 | D26: =A26=C26 -> TRUE | E26: =B26=C26 -> FALSE
A27: Valeur marchande | B27: Market Value | C27: =LCR!D9 -> Valeur marchande | D27: =A27=C27 -> TRUE | E27: =B27=C27 -> FALSE
A28: Pondération | B28: Weight | C28: =LCR!J9 -> Pondération | D28: =A28=C28 -> TRUE | E28: =B28=C28 -> FALSE
A29: Montant pondéré | B29: Weighted amount | C29: =LCR!L9 -> Montant pondéré | D29: =A29=C29 -> TRUE | E29: =B29=C29 -> FALSE
A30: Pièces et billets de banque | B30: Coins and banknotes | C30: =LCR!B12 -> Pièces et billets de banque | D30: =A30=C30 -> TRUE | E30: =B30=C30 -> FALSE
A31: Total des réserves détenues à la banque centrale : | B31: Total central bank reserves; of which: | C31: =LCR!A13 -> Total des réserves détenues à la banque centrale : | D31: =A31=C31 -> TRUE | E31: =B31=C31 -> FALSE
A32: Portion des réserves à la banque centrale pouvant être retirée en période de tension | B32: Part of central bank reserves that can be drawn in times of stress | C32: =LCR!B14 -> Portion des réserves à la banque centrale pouvant être retirée en période de tension | D32: =A32=C32 -> TRUE | E32: =B32=C32 -> FALSE
A33: Portion des réserves à la banque centrale ne pouvant pas être retirée en période de tension | B33: Part of central bank reserves that cannot be drawn in times of stress | C33: =LCR!B15 -> Portion des réserves à la banque centrale ne pouvant pas être retirée en période de tension | D33: =A33=C33 -> TRUE | E33: =B33=C33 -> FALSE
A34: Titres affectés d'une pondération de risque de 0% : | B34: Securities with a 0% risk weight: | C34: =LCR!A16 -> Titres affectés d'une pondération de risque de 0% : | D34: =A34=C34 -> TRUE | E34: =B34=C34 -> FALSE
A35: Émis par des émetteurs souverrains | B35: Issued by sovereigns | C35: =LCR!B17 -> Émis par des émetteurs souverrains | D35: =A35=C35 -> TRUE | E35: =B35=C35 -> FALSE
A36: Garantis par des émetteurs souverrains | B36: Guaranteed by sovereigns | C36: =LCR!B18 -> Garantis par des émetteurs souverrains | D36: =A36=C36 -> TRUE | E36: =B36=C36 -> FALSE
A37: Émis ou garantis par des banques centrales | B37: Issued or guaranteed by central banks | C37: =LCR!B19 -> Émis ou garantis par des banques centrales | D37: =A37=C37 -> TRUE | E37: =B37=C37 -> FALSE
A38: Émis ou garantis par des organismes publics (OP) | B38: Issued or guaranteed by PSEs | C38: =LCR!B20 -> Émis ou garantis par des organismes publics (OP) | D38: =A38=C38 -> TRUE | E38: =B38=C38 -> FALSE
A39: Émis ou garantis par la BRI, FMI, Banque centrale européenne et la commission européenne, ou BMD | B39: Issued or guaranteed by BIS, IMF, ECB and European Community, or MDBs | C39: =LCR!B21 -> Émis ou garantis par la BRI, FMI, Banque centrale européenne et la commission européenne, ou BMD | D39: =A39=C39 -> TRUE | E39: =B39=C39 -> FALSE
A40: Pour les émetteurs souverrains non pondéré à 0% : | B40: For non-0% risk-weighted sovereigns: | C40: =LCR!A22 -> Pour les émetteurs souverrains non pondéré à 0% : | D40: =A40=C40 -> TRUE | E40: =B40=C40 -> FALSE
A41: Des titres de dette émis en devise locale par l’émetteur souverain ou la banque centrale dans le pays où est pris le risque de liquidité ou dans le pays d’origine de l'institution financière | B41: Sovereign or central bank debt securities issued in domestic currencies by the sovereign or central bank in the country in which the liquidity risk is being taken or in the FI's home country | C41: =LCR!B23 -> Des titres de dette émis en devise locale par l’émetteur souverain ou la banque centrale dans le pays où est pris le risque de liquidité ou dans le pays d’origine de l'institution financière | D41: =A41=C41 -> TRUE | E41: =B41=C41 -> FALSE
A42: Les titres de dettes souveraines ou de banques centrales émis en devises étrangères, à concurrence du montant des sorties nettes de trésoreries que l'institution financière devrait effectuer en période de tension dans cette devise spécifique en raison de ses opérations dans la juridiction où le risque de liquidité est pris | B42: Domestic sovereign or central bank debt securities issued in foreign currencies, up to the amount of the FI's stressed net cash outflows in that specific foreign currency stemming from the FI's operations in the jurisdiction where the FI's liquidity risk is being taken | C42: =LCR!B24 -> Les titres de dettes souveraines ou de banques centrales émis en devises étrangères, à concurrence du montant des sorties nettes de trésoreries que l'institution financière devrait effectuer en période de tension dans cette devise spécifique en raison de ses opérations dans la juridiction où le risque de liquidité est pris | D42: =A42=C42 -> TRUE | E42: =B42=C42 -> FALSE
A43: Total de l'encours d'actifs de niveau 1 : | B43: Total stock of Level 1 assets | C43: =LCR!A25 -> Total de l'encours d'actifs de niveau 1 : | D43: =A43=C43 -> TRUE | E43: =B43=C43 -> FALSE
A44: Ajustements à l'encours d'actifs niveau 1 | B44: Adjustment to stock of Level 1 assets | C44: =LCR!B26 -> Ajustements à l'encours d'actifs niveau 1 | D44: =A44=C44 -> TRUE | E44: =B44=C44 -> FALSE
A45: Montant ajusté de l'encours d'actifs de niveau 1 | B45: Adjusted amount of Level 1 assets | C45: =LCR!B27 -> Montant ajusté de l'encours d'actifs de niveau 1 | D45: =A45=C45 -> TRUE | E45: =B45=C45 -> FALSE
A46: 1.2. Actifs de niveau 2A | B46: 1.2. Level 2A assets | C46: =LCR!A28 -> 1.2. Actifs de niveau 2A | D46: =A46=C46 -> TRUE | E46: =B46=C46 -> FALSE
A47: Valeur marchande | B47: Market value | C47: =LCR!D28 -> Valeur marchande | D47: =A47=C47 -> TRUE | E47: =B47=C47 -> FALSE
A48: Pondération | B48: Weight | C48: =LCR!J28 -> Pondération | D48: =A48=C48 -> TRUE | E48: =B48=C48 -> FALSE
A49: Montant pondéré | B49: Weighted amount | C49: =LCR!L28 -> Montant pondéré | D49: =A49=C49 -> TRUE | E49: =B49=C49 -> FALSE
A50: Titres assortis d'une pondération de risque de 20% : | B50: Securities with a 20% risk weight: | C50: =LCR!A30 -> Titres assortis d'une pondération de risque de 20% : | D50: =A50=C50 -> TRUE | E50: =B50=C50 -> FALSE
A51: Émis par des émetteurs souverrains | B51: Issued by sovereigns | C51: =LCR!B31 -> Émis par des émetteurs souverrains | D51: =A51=C51 -> TRUE | E51: =B51=C51 -> FALSE
A52: Garantis par des émetteurs souverrains | B52: Guaranteed by sovereigns | C52: =LCR!B32 -> Garantis par des émetteurs souverrains | D52: =A52=C52 -> TRUE | E52: =B52=C52 -> FALSE
A53: Émis ou garantis par des banques centrales | B53: Issued or guaranteed by central banks | C53: =LCR!B33 -> Émis ou garantis par des banques centrales | D53: =A53=C53 -> TRUE | E53: =B53=C53 -> FALSE
A54: Émis ou garantis par des organismes publics | B54: Issued or guaranteed by PSEs | C54: =LCR!B34 -> Émis ou garantis par des organismes publics | D54: =A54=C54 -> TRUE | E54: =B54=C54 -> FALSE
A55: Émis ou garantis par des BMD | B55: Issued or guaranteed by MDBs | C55: =LCR!B35 -> Émis ou garantis par des BMD | D55: =A55=C55 -> TRUE | E55: =B55=C55 -> FALSE
A56: Les obligations d'entreprises non financières cotées AA- ou mieux | B56: Non-financial corporate bonds, rated AA- or better | C56: =LCR!B36 -> Les obligations d'entreprises non financières cotées AA- ou mieux | D56: =A56=C56 -> TRUE | E56: =B56=C56 -> FALSE
A57: Les obligations sécurisées non émises par l'institution financière elle-même de notation AA- ou mieux | B57: Covered bonds, not self-issued, rated AA- or better | C57: =LCR!B37 -> Les obligations sécurisées non émises par l'institution financière elle-même de notation AA- ou mieux | D57: =A57=C57 -> TRUE | E57: =B57=C57 -> FALSE
A58: Total de l'encours d'actifs de niveau 2A : | B58: Total stock of Level 2A assets | C58: =LCR!A38 -> Total de l'encours d'actifs de niveau 2A : | D58: =A58=C58 -> TRUE | E58: =B58=C58 -> FALSE
A59: Ajustements à l'encours d'actifs de niveau 2A | B59: Adjustment to stock of Level 2A assets | C59: =LCR!B39 -> Ajustements à l'encours d'actifs de niveau 2A | D59: =A59=C59 -> TRUE | E59: =B59=C59 -> FALSE
A60: Montant ajusté de l'encours de niveau 2A | B60: Adjusted amount of Level 2A assets | C60: =LCR!B40 -> Montant ajusté de l'encours de niveau 2A | D60: =A60=C60 -> TRUE | E60: =B60=C60 -> FALSE
A61: 1.3. Actifs de niveau 2B | B61: 1.3. Level 2B assets | C61: =LCR!A41 -> 1.3. Actifs de niveau 2B | D61: =A61=C61 -> TRUE | E61: =B61=C61 -> FALSE
A62: Valeur marchande | B62: Market value | C62: =LCR!D41 -> Valeur marchande | D62: =A62=C62 -> TRUE | E62: =B62=C62 -> FALSE
A63: Pondération | B63: Weight | C63: =LCR!J41 -> Pondération | D63: =A63=C63 -> TRUE | E63: =B63=C63 -> FALSE
A64: Montant pondéré | B64: Weighted amount | C64: =LCR!L41 -> Montant pondéré | D64: =A64=C64 -> TRUE | E64: =B64=C64 -> FALSE
A65: Titres adossés à des créances immobilières résidentielles (RMBS), cotés AA ou mieux | B65: Residential mortgage-backed securities (RMBS), rated AA or better | C65: =LCR!B43 -> Titres adossés à des créances immobilières résidentielles (RMBS), cotés AA ou mieux | D65: =A65=C65 -> TRUE | E65: =B65=C65 -> FALSE
A66: Les obligations d'entreprises non financière cotées entre BBB- à A+ | B66: Non-financial corporate bonds, rated BBB- to A+ | C66: =LCR!B44 -> Les obligations d'entreprises non financière cotées entre BBB- à A+ | D66: =A66=C66 -> TRUE | E66: =B66=C66 -> FALSE
A67: Les actions ordinaires d'entreprises non financières | B67: Non-financial common equity shares | C67: =LCR!B45 -> Les actions ordinaires d'entreprises non financières | D67: =A67=C67 -> TRUE | E67: =B67=C67 -> FALSE
A68: Titres de dette de l’émetteur souverain ou de la banque centrale cotés BBB- à BBB+ | B68: Sovereign or central bank debt securities, rated BBB- to BBB+ | C68: =LCR!B46 -> Titres de dette de l’émetteur souverain ou de la banque centrale cotés BBB- à BBB+ | D68: =A68=C68 -> TRUE | E68: =B68=C68 -> FALSE
A69: Total de l'encours d'actifs RMBS de niveau 2B : | B69: Total stock of Level 2B RMBS assets | C69: =LCR!A47 -> Total de l'encours d'actifs RMBS de niveau 2B : | D69: =A69=C69 -> TRUE | E69: =B69=C69 -> FALSE
A70: Ajustements à l'encours d'actifs RMBS de niveau 2B | B70: Adjustment to stock of Level 2B RMBS assets | C70: =LCR!B48 -> Ajustements à l'encours d'actifs RMBS de niveau 2B | D70: =A70=C70 -> TRUE | E70: =B70=C70 -> FALSE
A71: Montant Ajusté de l'encours d'actifs RMBS de niveau 2B | B71: Adjusted amount of Level 2B RMBS assets | C71: =LCR!B49 -> Montant Ajusté de l'encours d'actifs RMBS de niveau 2B | D71: =A71=C71 -> TRUE | E71: =B71=C71 -> FALSE
A72: Total de l'encours d'actifs non RMBS de niveau 2B : | B72: Total stock of Level 2B non-RMBS assets | C72: =LCR!A50 -> Total de l'encours d'actifs non RMBS de niveau 2B : | D72: =A72=C72 -> TRUE | E72: =B72=C72 -> FALSE
A73: Ajustements à l'encours d'actifs non RMBS de niveau 2B | B73: Adjustment to stock of Level 2B non-RMBS assets | C73: =LCR!B51 -> Ajustements à l'encours d'actifs non RMBS de niveau 2B | D73: =A73=C73 -> TRUE | E73: =B73=C73 -> FALSE
A74: Montant Ajusté de l'encours d'actifs non RMBS de niveau 2B | B74: Adjusted amount of Level 2B non-RMBS assets | C74: =LCR!B52 -> Montant Ajusté de l'encours d'actifs non RMBS de niveau 2B | D74: =A74=C74 -> TRUE | E74: =B74=C74 -> FALSE
A75: Montant ajusté de l'encours d'actifs de niveau 2B (RMBS and non-RMBS) | B75: Adjusted amount of Level 2B (RMBS and non-RMBS) assets | C75: =LCR!B53 -> Montant ajusté de l'encours d'actifs de niveau 2B (RMBS and non-RMBS) | D75: =A75=C75 -> TRUE | E75: =B75=C75 -> FALSE
A76: Ajustement à l'encours d'ALHQ en raison du plafond applicable aux actifs de niveau 2B | B76: Adjustment to stock of HQLA due to cap on Level 2B assets | C76: =LCR!B55 -> Ajustement à l'encours d'ALHQ en raison du plafond applicable aux actifs de niveau 2B | D76: =A76=C76 -> TRUE | E76: =B76=C76 -> FALSE
A77: Ajustement de l'encours d'ALHQ en raison du plafond applicable aux actifs de niveau 2 | B77: Adjustment to stock of HQLA due to cap on Level 2 assets | C77: =LCR!B56 -> Ajustement de l'encours d'ALHQ en raison du plafond applicable aux actifs de niveau 2 | D77: =A77=C77 -> TRUE | E77: =B77=C77 -> FALSE
A78: Section 1 - Total de l'encours des ALHQ | B78: Section 1 - Total stock of HQLA | C78: =LCR!A57 -> Section 1 - Total de l'encours des ALHQ | D78: =A78=C78 -> TRUE | E78: =B78=C78 -> FALSE
A79: 1.4. ALHQ : Informations complémentaires | B79: 1.4. HQLA: Additional information | C79: =LCR!A61 -> 1.4. ALHQ : Informations complémentaires | D79: =A79=C79 -> TRUE | E79: =B79=C79 -> FALSE
A80: Valeur marchande | B80: Market value | C80: =LCR!D61 -> Valeur marchande | D80: =A80=C80 -> TRUE | E80: =B80=C80 -> FALSE
A81: Niveau 1 | B81: Level 1 | C81: =LCR!D62 -> Niveau 1 | D81: =A81=C81 -> TRUE | E81: =B81=C81 -> FALSE
A82: Niveau 2A | B82: Level 2A | C82: =LCR!F62 -> Niveau 2A | D82: =A82=C82 -> TRUE | E82: =B82=C82 -> FALSE
A83: Niveau 2B RMBS | B83: Level 2B RMBS | C83: =LCR!H62 -> Niveau 2B RMBS | D83: =A83=C83 -> TRUE | E83: =B83=C83 -> FALSE
A84: Niveau 2B non-RMBS | B84: Level 2B non-RMBS | C84: =LCR!J62 -> Niveau 2B non-RMBS | D84: =A84=C84 -> TRUE | E84: =B84=C84 -> FALSE
A85: Actifs détenus par l'institution financière mais exclus de l'encours d'ALHQ consolidé | B85: Assets held at the entity level, but excluded from the consolidated stock of HQLA | C85: =LCR!B64 -> Actifs détenus par l'institution financière mais exclus de l'encours d'ALHQ consolidé | D85: =A85=C85 -> TRUE | E85: =B85=C85 -> FALSE
A86: Actifs exclus de l'encours d'ALHQ du à des restrictions opérationnelles | B86: Assets excluded from the stock of HQLA due to operational restrictions | C86: =LCR!B65 -> Actifs exclus de l'encours d'ALHQ du à des restrictions opérationnelles | D86: =A86=C86 -> TRUE | E86: =B86=C86 -> FALSE
A87: 1.5. Dépôts à vue non opérationnels détenus par un sous-adhérent admissible | B87: 1.5. Eligible non-operational demand deposits | C87: =LCR!A67 -> 1.5. Dépôts à vue non opérationnels détenus par un sous-adhérent admissible | D87: =A87=C87 -> TRUE | E87: =B87=C87 -> FALSE
A88: Montant | B88: Amount | C88: =LCR!D67 -> Montant | D88: =A88=C88 -> TRUE | E88: =B88=C88 -> FALSE
A89: Pondération | B89: Weight | C89: =LCR!J67 -> Pondération | D89: =A89=C89 -> TRUE | E89: =B89=C89 -> FALSE
A90: Montant pondéré | B90: Weighted amount | C90: =LCR!L67 -> Montant pondéré | D90: =A90=C90 -> TRUE | E90: =B90=C90 -> FALSE
A91: Dépôts à vue non opérationnels placés par des sous-adhérents auprès d'un adhérent inscrit à l'Autorité | B91: Non-operational demand deposits placed by indirect clearers with AMF-regulated direct clearers | C91: =LCR!B69 -> Dépôts à vue non opérationnels placés par des sous-adhérents auprès d'un adhérent inscrit à l'Autorité | D91: =A91=C91 -> TRUE | E91: =B91=C91 -> FALSE
A92: 1.6. Total de l'encours des ALHQ et des dépôts à vue non opérationnels admissibles | B92: 1.6. Total stock of HQLA and eligible non-operational demand deposits | C92: =LCR!A71 -> 1.6. Total de l'encours des ALHQ et des dépôts à vue non opérationnels admissibles | D92: =A92=C92 -> TRUE | E92: =B92=C92 -> FALSE
A93: Total de l'encours des ALHQ et des dépôts à vue non opérationnels placés par des sous adhérents auprès d'un adhérent inscrit à l'Autorité | B93: Total stock of HQLA and non-operational demand deposits placed by indirect clearers with AMF-regulated direct clearers | C93: =LCR!B72 -> Total de l'encours des ALHQ et des dépôts à vue non opérationnels placés par des sous adhérents auprès d'un adhérent inscrit à l'Autorité | D93: =A93=C93 -> TRUE | E93: =B93=C93 -> FALSE
A94: Section 2 - Total des sorties de trésorerie nettes | B94: 2. Net cash outflows | C94: =LCR!A74 -> Section 2 - Total des sorties de trésorerie nettes | D94: =A94=C94 -> TRUE | E94: =B94=C94 -> FALSE
A95: 2.1. Sorties de trésorerie | B95: 2.1. Cash outflows | C95: =LCR!A76 -> 2.1. Sorties de trésorerie | D95: =A95=C95 -> TRUE | E95: =B95=C95 -> FALSE
A96: 2.1. Retrait sur les dépôts de détail | B96: 2.1. Retail deposit run-off | C96: =LCR!A77 -> 2.1. Retrait sur les dépôts de détail | D96: =A96=C96 -> TRUE | E96: =B96=C96 -> FALSE
A97: Montant | B97: Amount | C97: =LCR!D77 -> Montant | D97: =A97=C97 -> TRUE | E97: =B97=C97 -> FALSE
A98: Pondération | B98: Weight | C98: =LCR!J77 -> Pondération | D98: =A98=C98 -> TRUE | E98: =B98=C98 -> FALSE
A99: Montant pondéré | B99: Weighted amount | C99: =LCR!L77 -> Montant pondéré | D99: =A99=C99 -> TRUE | E99: =B99=C99 -> FALSE
A100: Total des dépôts de détail | B100: Total retail deposits | C100: =LCR!A80 -> Total des dépôts de détail | D100: =A100=C100 -> TRUE | E100: =B100=C100 -> FALSE
...
